Workbook
Name _________key2: #REF!
Name ________key2: #REF!
Name ________key3: #REF!
Name ___key2: #REF!
Name ___key3: #REF!
Name ___key31: #REF!
Name __123Graph_A: #REF!
Name __123Graph_B: #REF!
Name __key2: #REF!
Name __key21: #REF!
Name __key3: #REF!
Name __key31: #REF!
Name _a1: #REF!
Name _a3: #REF!
Name _a4: #REF!
Name _a5: #REF!
Name _a6: #REF!
Name _AAS1: #REF!
Name _ABC1: #REF!
Name _abc2: #REF!
Name _b2: #REF!
Name _b3: #REF!
Name _b4: #REF!
Name _b5: #REF!
Name _b6: #REF!
Name _b7: #REF!
Name _b8: #REF!
Name _bb9: #REF!
Name _bgb5: #REF!
Name _Fill: #REF!
Name _g2: #REF!
Name _g3: #REF!
Name _g4: #REF!
Name _g5: #REF!
Name _g6: #REF!
Name _g7: #REF!
Name _GR1: #REF!
Name _gtr4: #REF!
Name _h2: #REF!
Name _h3: #REF!
Name _h4: #REF!
Name _h5: #REF!
Name _h6: #REF!
Name _h7: #REF!
Name _h8: #REF!
Name _hfh7: #REF!
Name _hhg1: #REF!
Name _i4: #REF!
Name _i5: #REF!
Name _i6: #REF!
Name _i7: #REF!
Name _i77: #REF!
Name _i8: #REF!
Name _i9: #REF!
Name _k3: #REF!
Name _k4: #REF!
Name _k5: #REF!
Name _k6: #REF!
Name _k7: #REF!
Name _k8: #REF!

Sheet PRESUPUESTO
B1: =+CONCATENATE('INF. GENERAL'!A4," ",'INF. GENERAL'!B4) -> OBJETO: ACTIVIDADES ADICIONALES A LA ADECUACIÓN DE LA CANCHA DE FÚTBOL (ID 2615), VEREDA COMUNIDAD CRISTALINA BAJA (ID 200), MUNICIPIO DE FUNDACION, MAGDALENA | O1: UNITARIOS | T1: VALOR TOTAL
B2: ITEM | C2: CATEGORIA | D2: DESCRIPCIÓN | E2: UNIDAD | F2: CANTIDAD | G2: VALOR UNITARIO OFERTA (EQUIPO,TRANSPORTE, MDO) | H2: VALOR PARCIAL OFERTA (EQUIPO,TRANSPORTE, MDO) | I2: VALOR UNITARIO UARIV (EQUIPO,TRANSPORTE, MDO) | J2: VALOR PARCIAL UARIV (EQUIPO,TRANSPORTE, MDO) | K2: VALOR UNITARIO TOTAL (EQUIPO,TRANSPORTE, MDO) | L2: VALOR PARCIAL TOTAL (EQUIPO,TRANSPORTE, MDO) | O2: EQUIPOS | Q2: TRANSPORTE | R2: MANO DE OBRA | S2: TOTAL UNITARIO | T2: EQUIPOS | V2: verificación 1 | W2: verificación 2 | Y2: TRANSPORTE | Z2: MANO DE OBRA | AA2: TOTAL
A3: 1 | B3: =+A3 -> 1 | D3: PRELIMINARES | H3: =SUM(H4:H5) -> 1586984.4 | J3: =SUM(J4:J5) -> 3173968.8 | L3: =SUM(L4:N5) -> 4760953.3
A4: 1.01 | B4: =HYPERLINK("#"&"'MEMORIA CANTIDADES'!A"&MATCH(A4,'MEMORIA CANTIDADES'!A:A,0),A4) -> 1.01 | C4: =+$D$3 -> PRELIMINARES | D4: Cerramiento en lona verde incluye estructura | E4: ml | F4: =+VLOOKUP(B4,'MEMORIA CANTIDADES'!N:O,2,FALSE) -> 272 | G4: 3782.9337 | H4: =+G4*F4 -> 1028958 | I4: 7565.8674 | J4: =+I4*F4 -> 2057915.9 | K4: =+I4+G4 -> 11348.801 | L4: =+F4*K4 -> 3086873.9 | O4: =+VLOOKUP(B4,APU!J:K,2,FALSE) -> 1390.3336 | Q4: =+VLOOKUP(B4,APU!L:M,2,FALSE) -> 547.65 | R4: =+VLOOKUP(B4,APU!M:N,2,FALSE) -> 9410.8176 | S4: =+SUM(O4:R4) -> 11348.801 | T4: =+O4*$F4 -> 378170.73 | V4: =+IFERROR(VLOOKUP(B4,APU!K:L,2,FALSE),"") -> 4482609.4 | W4: =+IFERROR(VLOOKUP(B4,'MEMORIA CANTIDADES'!P:Q,2,FALSE),"") -> 4482609.4 | Y4: =+Q4*$F4 -> 148960.8 | Z4: =+R4*$F4 -> 2559742.4 | AA4: =+T4+U4+Y4+Z4 -> 3086873.9
A5: 1.02 | B5: =HYPERLINK("#"&"'MEMORIA CANTIDADES'!A"&MATCH(A5,'MEMORIA CANTIDADES'!A:A,0),A5) -> 1.02 | C5: =+$D$3 -> PRELIMINARES | D5: Trazado y replanteo | E5: m2 | F5: =+VLOOKUP(B5,'MEMORIA CANTIDADES'!N:O,2,FALSE) -> 292.4 | G5: 1908.4352 | H5: =+G5*F5 -> 558026.45 | I5: 3816.8704 | J5: =+I5*F5 -> 1116052.9 | K5: =+I5+G5 -> 5725.3056 | L5: =+F5*K5 -> 1674079.3 | O5: =+VLOOKUP(B5,APU!J:K,2,FALSE) -> 1098.0153 | Q5: =+VLOOKUP(B5,APU!L:M,2,FALSE) -> 200 | R5: =+VLOOKUP(B5,APU!M:N,2,FALSE) -> 4427.2902 | S5: =+SUM(O5:R5) -> 5725.3056 | T5: =+O5*$F5 -> 321059.68 | V5: =+IFERROR(VLOOKUP(B5,APU!K:L,2,FALSE),"") -> 1475159 | W5: =+IFERROR(VLOOKUP(B5,'MEMORIA CANTIDADES'!P:Q,2,FALSE),"") -> 1475159 | Y5: =+Q5*$F5 -> 58480 | Z5: =+R5*$F5 -> 1294539.7 | AA5: =+T5+U5+Y5+Z5 -> 1674079.3
A6: 2 | B6: =+A6 -> 2 | D6: EXCAVACIONES, RELLENOS Y SISTEMA DE DRENAJE | H6: =SUM(H7:H13) -> 23128545 | J6: =SUM(J7:J13) -> 46257090 | L6: =SUM(L7:L13) -> 69385635
A7: 2,01 | B7: =HYPERLINK("#"&"'MEMORIA CANTIDADES'!A"&MATCH(A7,'MEMORIA CANTIDADES'!A:A,0),A7) -> 2,01 | C7: =+$D$6 -> EXCAVACIONES, RELLENOS Y SISTEMA DE DRENAJE | D7: Excavacion zanjas de drenaje y de carcamo | E7: m3 | F7: =+VLOOKUP(B7,'MEMORIA CANTIDADES'!N:O,2,FALSE) -> 138.7216 | G7: 24969.707 | H7: =+G7*F7 -> 3463837.8 | I7: 49939.415 | J7: =+I7*F7 -> 6927675.5 | K7: =+I7+G7 -> 74909.122 | L7: =+F7*K7 -> 10391513 | O7: =+VLOOKUP(B7,APU!J:K,2,FALSE) -> 3058.5157 | Q7: =+VLOOKUP(B7,APU!L:M,2,FALSE) -> 0 | R7: =+VLOOKUP(B7,APU!M:N,2,FALSE) -> 71850.606 | S7: =+SUM(O7:R7) -> 74909.122 | T7: =+O7*$F7 -> 424282.19 | V7: =+IFERROR(VLOOKUP(B7,APU!K:L,2,FALSE),"") -> 0 | W7: =+IFERROR(VLOOKUP(B7,'MEMORIA CANTIDADES'!P:Q,2,FALSE),"") -> 0 | Y7: =+Q7*$F7 -> 0 | Z7: =+R7*$F7 -> 9967231.1 | AA7: =+T7+U7+Y7+Z7 -> 10391513
A8: 2,02 | B8: =HYPERLINK("#"&"'MEMORIA CANTIDADES'!A"&MATCH(A8,'MEMORIA CANTIDADES'!A:A,0),A8) -> 2,02 | C8: =+$D$6 -> EXCAVACIONES, RELLENOS Y SISTEMA DE DRENAJE | D8: Instalacion de sistema de drenaje frances | E8: ml | F8: =+VLOOKUP(B8,'MEMORIA CANTIDADES'!N:O,2,FALSE) -> 366 | G8: 11674.993 | H8: =+G8*F8 -> 4273047.3 | I8: 23349.985 | J8: =+I8*F8 -> 8546094.6 | K8: =+I8+G8 -> 35024.978 | L8: =+F8*K8 -> 12819142 | O8: =+VLOOKUP(B8,APU!J:K,2,FALSE) -> 10724.097 | Q8: =+VLOOKUP(B8,APU!L:M,2,FALSE) -> 876.24 | R8: =+VLOOKUP(B8,APU!M:N,2,FALSE) -> 23424.641 | S8: =+SUM(O8:R8) -> 35024.978 | T8: =+O8*$F8 -> 3925019.6 | V8: =+IFERROR(VLOOKUP(B8,APU!K:L,2,FALSE),"") -> 28935121 | W8: =+IFERROR(VLOOKUP(B8,'MEMORIA CANTIDADES'!P:Q,2,FALSE),"") -> 26759983 | Y8: =+Q8*$F8 -> 320703.84 | Z8: =+R8*$F8 -> 8573418.4 | AA8: =+T8+U8+Y8+Z8 -> 12819142
A9: 2,03 | B9: =HYPERLINK("#"&"'MEMORIA CANTIDADES'!A"&MATCH(A9,'MEMORIA CANTIDADES'!A:A,0),A9) -> 2,03 | C9: =+$D$6 -> EXCAVACIONES, RELLENOS Y SISTEMA DE DRENAJE | D9: Cunetas prefabricadas en concreto | E9: ml | F9: =+VLOOKUP(B9,'MEMORIA CANTIDADES'!N:O,2,FALSE) -> 118 | G9: 3922.9943 | H9: =+G9*F9 -> 462913.33 | I9: 7845.9886 | J9: =+I9*F9 -> 925826.65 | K9: =+I9+G9 -> 11768.983 | L9: =+F9*K9 -> 1388740 | O9: =+VLOOKUP(B9,APU!J:K,2,FALSE) -> 3777.6741 | Q9: =+VLOOKUP(B9,APU!L:M,2,FALSE) -> 1314.36 | R9: =+VLOOKUP(B9,APU!M:N,2,FALSE) -> 6676.9488 | S9: =+SUM(O9:R9) -> 11768.983 | T9: =+O9*$F9 -> 445765.54 | V9: =+IFERROR(VLOOKUP(B9,APU!K:L,2,FALSE),"") -> 11073880 | W9: =+IFERROR(VLOOKUP(B9,'MEMORIA CANTIDADES'!P:Q,2,FALSE),"") -> 11073880 | Y9: =+Q9*$F9 -> 155094.48 | Z9: =+R9*$F9 -> 787879.96 | AA9: =+T9+U9+Y9+Z9 -> 1388740
A10: 2,04 | B10: =HYPERLINK("#"&"'MEMORIA CANTIDADES'!A"&MATCH(A10,'MEMORIA CANTIDADES'!A:A,0),A10) -> 2,04 | C10: =+$D$6 -> EXCAVACIONES, RELLENOS Y SISTEMA DE DRENAJE | D10: Suministro e instalacion tuberia de alcantarillado corrugada 8" | E10: ml | F10: =+VLOOKUP(B10,'MEMORIA CANTIDADES'!N:O,2,FALSE) -> 99 | G10: 10111.257 | H10: =+G10*F10 -> 1001014.5 | I10: 20222.515 | J10: =+I10*F10 -> 2002029 | K10: =+I10+G10 -> 30333.772 | L10: =+F10*K10 -> 3003043.5 | O10: =+VLOOKUP(B10,APU!J:K,2,FALSE) -> 5216.4695 | Q10: =+VLOOKUP(B10,APU!L:M,2,FALSE) -> 1314.36 | R10: =+VLOOKUP(B10,APU!M:N,2,FALSE) -> 23802.943 | S10: =+SUM(O10:R10) -> 30333.772 | T10: =+O10*$F10 -> 516430.48 | V10: =+IFERROR(VLOOKUP(B10,APU!K:L,2,FALSE),"") -> 6469011 | W10: =+IFERROR(VLOOKUP(B10,'MEMORIA CANTIDADES'!P:Q,2,FALSE),"") -> 6469011 | Y10: =+Q10*$F10 -> 130121.64 | Z10: =+R10*$F10 -> 2356491.3 | AA10: =+T10+U10+Y10+Z10 -> 3003043.5
A11: 2,05 | B11: =HYPERLINK("#"&"'MEMORIA CANTIDADES'!A"&MATCH(A11,'MEMORIA CANTIDADES'!A:A,0),A11) -> 2,05 | C11: =+$D$6 -> EXCAVACIONES, RELLENOS Y SISTEMA DE DRENAJE | D11: Manhole | E11: und | F11: =+VLOOKUP(B11,'MEMORIA CANTIDADES'!N:O,2,FALSE) -> 2 | G11: 271143.39 | H11: =+G11*F11 -> 542286.78 | I11: 542286.78 | J11: =+I11*F11 -> 1084573.6 | K11: =+I11+G11 -> 813430.16 | L11: =+F11*K11 -> 1626860.3 | O11: =+VLOOKUP(B11,APU!J:K,2,FALSE) -> 217042.23 | Q11: =+VLOOKUP(B11,APU!L:M,2,FALSE) -> 1314.36 | R11: =+VLOOKUP(B11,APU!M:N,2,FALSE) -> 595073.57 | S11: =+SUM(O11:R11) -> 813430.16 | T11: =+O11*$F11 -> 434084.47 | V11: =+IFERROR(VLOOKUP(B11,APU!K:L,2,FALSE),"") -> 6148144.4 | W11: =+IFERROR(VLOOKUP(B11,'MEMORIA CANTIDADES'!P:Q,2,FALSE),"") -> 5466712 | Y11: =+Q11*$F11 -> 2628.72 | Z11: =+R11*$F11 -> 1190147.1 | AA11: =+T11+U11+Y11+Z11 -> 1626860.3
A12: 2,06 | B12: =HYPERLINK("#"&"'MEMORIA CANTIDADES'!A"&MATCH(A12,'MEMORIA CANTIDADES'!A:A,0),A12) -> 2,06 | C12: =+$D$6 -> EXCAVACIONES, RELLENOS Y SISTEMA DE DRENAJE | D12: Nivelación del terreno con corte | E12: m3 | F12: =+VLOOKUP(B12,'MEMORIA CANTIDADES'!N:O,2,FALSE) -> 348.75 | G12: 15920.397 | H12: =+G12*F12 -> 5552238.4 | I12: 31840.794 | J12: =+I12*F12 -> 11104477 | K12: =+I12+G12 -> 47761.19 | L12: =+F12*K12 -> 16656715 | O12: =+VLOOKUP(B12,APU!J:K,2,FALSE) -> 15549.89 | Q12: =+VLOOKUP(B12,APU!L:M,2,FALSE) -> 0 | R12: =+VLOOKUP(B12,APU!M:N,2,FALSE) -> 32211.301 | S12: =+SUM(O12:R12) -> 47761.19 | T12: =+O12*$F12 -> 5423024 | V12: =+IFERROR(VLOOKUP(B12,APU!K:L,2,FALSE),"") -> 0 | W12: =+IFERROR(VLOOKUP(B12,'MEMORIA CANTIDADES'!P:Q,2,FALSE),"") -> 0 | Y12: =+Q12*$F12 -> 0 | Z12: =+R12*$F12 -> 11233691 | AA12: =+T12+U12+Y12+Z12 -> 16656715
A13: 2,07 | B13: =HYPERLINK("#"&"'MEMORIA CANTIDADES'!A"&MATCH(A13,'MEMORIA CANTIDADES'!A:A,0),A13) -> 2,07 | C13: =+$D$6 -> EXCAVACIONES, RELLENOS Y SISTEMA DE DRENAJE | D13: Nivelacion y relleno de la cancha, incluye compactacion | E13: m3 | F13: =+VLOOKUP(B13,'MEMORIA CANTIDADES'!N:O,2,FALSE) -> 586.19 | G13: 13362.914 | H13: =+G13*F13 -> 7833206.8 | I13: 26725.829 | J13: =+I13*F13 -> 15666414 | K13: =+I13+G13 -> 40088.743 | L13: =+F13*K13 -> 23499620 | O13: =+VLOOKUP(B13,APU!J:K,2,FALSE) -> 16292.449 | Q13: =+VLOOKUP(B13,APU!L:M,2,FALSE) -> 0 | R13: =+VLOOKUP(B13,APU!M:N,2,FALSE) -> 23796.294 | S13: =+SUM(O13:R13) -> 40088.743 | T13: =+O13*$F13 -> 9550471 | V13: =+IFERROR(VLOOKUP(B13,APU!K:L,2,FALSE),"") -> 1.8506975e+08 | W13: =+IFERROR(VLOOKUP(B13,'MEMORIA CANTIDADES'!P:Q,2,FALSE),"") -> 1.8506975e+08 | Y13: =+Q13*$F13 -> 0 | Z13: =+R13*$F13 -> 13949149 | AA13: =+T13+U13+Y13+Z13 -> 23499620
A14: 3 | B14: =+A14 -> 3 | D14: ESTRUCTURAS DE CONTENCIÓN | H14: =SUM(H15:H15) -> 1056882.6 | J14: =SUM(J15) -> 2113765.3 | L14: =SUM(L15:L15) -> 3170647.9
A15: 3,01 | B15: =HYPERLINK("#"&"'MEMORIA CANTIDADES'!A"&MATCH(A15,'MEMORIA CANTIDADES'!A:A,0),A15) -> 3,01 | C15: =+$D$14 -> ESTRUCTURAS DE CONTENCIÓN | D15: Muro de gaviones | E15: ml | F15: =+VLOOKUP(B15,'MEMORIA CANTIDADES'!N:O,2,FALSE) -> 44 | G15: 24020.06 | H15: =+G15*F15 -> 1056882.6 | I15: 48040.12 | J15: =+I15*F15 -> 2113765.3 | K15: =+I15+G15 -> 72060.181 | L15: =+F15*K15 -> 3170647.9 | O15: =+VLOOKUP(B15,APU!J:K,2,FALSE) -> 18521.917 | Q15: =+VLOOKUP(B15,APU!L:M,2,FALSE) -> 4381.2 | R15: =+VLOOKUP(B15,APU!M:N,2,FALSE) -> 49157.064 | S15: =+SUM(O15:R15) -> 72060.181 | T15: =+O15*$F15 -> 814964.33 | V15: =+IFERROR(VLOOKUP(B15,APU!K:L,2,FALSE),"") -> 12103722 | W15: =+IFERROR(VLOOKUP(B15,'MEMORIA CANTIDADES'!P:Q,2,FALSE),"") -> 8555465.4 | Y15: =+Q15*$F15 -> 192772.8 | Z15: =+R15*$F15 -> 2162910.8 | AA15: =+T15+U15+Y15+Z15 -> 3170647.9
A16: 4 | B16: =+A16 -> 4 | D16: ACABADOS | H16: =SUM(H17:H18) -> 3755441.3 | J16: =SUM(J17:J18) -> 7510882.6 | L16: =SUM(L17:N18) -> 11266324
A17: 4,01 | B17: =HYPERLINK("#"&"'MEMORIA CANTIDADES'!A"&MATCH(A17,'MEMORIA CANTIDADES'!A:A,0),A17) -> 4,01 | C17: =+$D$14 -> ESTRUCTURAS DE CONTENCIÓN | D17: Suministro acabados de pintura anticorrosiva | E17: m2 | F17: =+VLOOKUP(B17,'MEMORIA CANTIDADES'!N:O,2,FALSE) -> 900 | G17: 2489.2525 | H17: =+G17*F17 -> 2240327.2 | I17: 4978.505 | J17: =+I17*F17 -> 4480654.5 | K17: =+I17+G17 -> 7467.7575 | L17: =+F17*K17 -> 6720981.7 | O17: =+VLOOKUP(B17,APU!J:K,2,FALSE) -> 681.27868 | Q17: =+VLOOKUP(B17,APU!L:M,2,FALSE) -> 109.53 | R17: =+VLOOKUP(B17,APU!M:N,2,FALSE) -> 6676.9488 | S17: =+SUM(O17:R17) -> 7467.7575 | T17: =+O17*$F17 -> 613150.81 | V17: =+IFERROR(VLOOKUP(B17,APU!K:L,2,FALSE),"") -> 3425876.8 | W17: =+IFERROR(VLOOKUP(B17,'MEMORIA CANTIDADES'!P:Q,2,FALSE),"") -> 3425876.8 | Y17: =+Q17*$F17 -> 98577 | Z17: =+R17*$F17 -> 6009253.9 | AA17: =+T17+U17+Y17+Z17 -> 6720981.7
A18: 4,02 | B18: =HYPERLINK("#"&"'MEMORIA CANTIDADES'!A"&MATCH(A18,'MEMORIA CANTIDADES'!A:A,0),A18) -> 4,02 | C18: =+$D$14 -> ESTRUCTURAS DE CONTENCIÓN | D18: Suministro e instalacion luminaria | E18: und | F18: =+VLOOKUP(B18,'MEMORIA CANTIDADES'!N:O,2,FALSE) -> 4 | G18: 378778.51 | H18: =+G18*F18 -> 1515114.1 | I18: 757557.03 | J18: =+I18*F18 -> 3030228.1 | K18: =+I18+G18 -> 1136335.5 | L18: =+F18*K18 -> 4545342.2 | O18: =+VLOOKUP(B18,APU!J:K,2,FALSE) -> 64474.962 | Q18: =+VLOOKUP(B18,APU!L:M,2,FALSE) -> 0 | R18: =+VLOOKUP(B18,APU!M:N,2,FALSE) -> 1071860.6 | S18: =+SUM(O18:R18) -> 1136335.5 | T18: =+O18*$F18 -> 257899.85 | V18: =+IFERROR(VLOOKUP(B18,APU!K:L,2,FALSE),"") -> 10466083 | W18: =+IFERROR(VLOOKUP(B18,'MEMORIA CANTIDADES'!P:Q,2,FALSE),"") -> 10466083 | Y18: =+Q18*$F18 -> 0 | Z18: =+R18*$F18 -> 4287442.3 | AA18: =+T18+U18+Y18+Z18 -> 4545342.2
B19: TOTAL COSTOS DIRECTOS (EQUIPO,TRANSPORTE, MDO) | H19: =+SUM(H3:H18)/2 -> 29527853 | J19: =SUM(J3:J18)/2 -> 59055706 | L19: =+SUM(L3:L18)/2 -> 88583560 | T19: =SUM(T4:T18) -> 23104323 | V19: =SUM(V4:V18) -> 2.6964936e+08 | W19: =SUM(W4:W18) -> 2.6324453e+08 | Y19: =SUM(Y4:Y18) -> 1107339.3 | Z19: =SUM(Z4:Z18) -> 64371898 | AA19: =SUM(AA4:AA18) -> 88583560
H23: Oferta | J23: UARIV | L23: TOTAL
D24: TOTAL COSTO DIRECTO DE M.O.TRANSPORTE Y EQUIPOS | H24: =+H19 -> 29527853 | J24: =+J19 -> 59055706 | L24: =+J24+H24 -> 88583560
E25: Administración (20%) | H25: =+H24*0.2 -> 5905570.6 | J25: =+J24*0.2 -> 11811141 | L25: =+$L$24*0.2 -> 17716712
E26: Imprevistos (7%) | H26: =+H24*0.07 -> 2066949.7 | J26: =+J24*0.07 -> 4133899.5 | L26: =+$L$24*0.07 -> 6200849.2
E27: Utilidad (3%) | H27: =+H24*0.03 -> 885835.6 | J27: =+J24*0.03 -> 1771671.2 | L27: =+$L$24*0.03 -> 2657506.8
E28: IVA 19% SOBRE LA UTILIDAD | H28: =+H27*0.19 -> 168308.76 | J28: =+J27*0.19 -> 336617.53 | L28: =0.19*L27 -> 504926.29
D29: TOTAL COSTO INDIRECTO DE M.O.TRANSPORTE Y EQUIPOS OFERTA | H29: =SUM(H25:H28) -> 9026664.7 | J29: =SUM(J25:J28) -> 18053329 | L29: =SUM(L25:L28) -> 27079994
D31: TOTAL COSTO DIRECTO+ COSTO INDIRECTO DE M.O. TRANSPORTE Y EQUIPOS | H31: =+H29+H24 -> 38554518 | J31: =+J29+J24 -> 77109036 | L31: =+L29+L24 -> 1.1566355e+08
D33: TOTAL M.O. TRANSPORTE Y EQUIPOS UARIV | L33: =+J31 -> 77109036
D34: TOTAL M.O TRANSPORTE Y EQUIPOS OFERENTE | L34: =+H31 -> 38554518 | O34: CDP M.O. TRANSPORTE Y EQUIPOS
D35: VALOR TOTAL | L35: =SUM(L33:L34) -> 1.1566355e+08
D40: Elaboró
D41: =IF('INF. GENERAL'!$B$19=0," ",'INF. GENERAL'!$B$19) -> JAVIER JOSÉ ROSADO MENDINUETA
D42: =IF('INF. GENERAL'!$B$20=0," ",'INF. GENERAL'!$B$20) -> PROFESIONAL APOYO
D43: =IF('INF. GENERAL'!$B$18=0," ",'INF. GENERAL'!$B$18) -> ALCALDÍA MUNICIPAL DE FUNDACIÓN - MAGDALENA
D44: =IF('INF. GENERAL'!$B$21=0," ",'INF. GENERAL'!$B$21) -> MP: 08700-52350

Sheet INF. GENERAL
A2: PRESUPUESTO GENERAL DEL PROYECTO
A4: OBJETO: | B4: ACTIVIDADES ADICIONALES A LA ADECUACIÓN DE LA CANCHA DE FÚTBOL (ID 2615), VEREDA COMUNIDAD CRISTALINA BAJA (ID 200), MUNICIPIO DE FUNDACION, MAGDALENA
A8: Datos Generales
A9: Fecha | C9: Versión | D9: 1
A10: Duración Obra (meses) | B10: 4 | C10: Duración supervisión (meses) | D10: 4
A12: Lugar de ejecución del Proyecto
A13: País | B13: REPUBLICA DE COLOMBIA
A14: Departamento | B14: FUNDACIÓN
A15: Municipio | B15: MAGDALENA
A18: Entidad ejecutora | B18: ALCALDÍA MUNICIPAL DE FUNDACIÓN - MAGDALENA
A19: Responsable | B19: JAVIER JOSÉ ROSADO MENDINUETA
A20: Cargo de Responsible | B20: PROFESIONAL APOYO
A21: Matricula | B21: MP: 08700-52350

Sheet MEMORIA CANTIDADES
A1: . | B1: MEMORIAS DE CALCULO | L1: .
A2: . | L2: .
A3: Ítem No. | B3: UNIDAD | C3: DESCRIPCIÓN | H3: CAPITULO | K3: CANTIDAD
A4: 1.01 | B4: =VLOOKUP(A4,PRESUPUESTO!$A$3:$F$973,5,FALSE) -> ml | C4: =VLOOKUP(A4,PRESUPUESTO!$A$3:$F$973,4,FALSE) -> Cerramiento en lona verde incluye estructura | H4: =VLOOKUP(A4,PRESUPUESTO!$A$3:$F$973,3,FALSE) -> PRELIMINARES | K4: =ROUND(+L22,2) -> 272
A5: ESQUEMA | G5: Localización | H5: Dimensiones | L5: Total
A6: #VALUE! | H6: Longitud (m) | I6: Ancho (m) | J6: Alto (m) | K6: Cantidad
G7: Cerramiento para carcamo | H7: 214 | K7: 1 | L7: =+IF(B4="m2",H7*I7*K7,IF(B4="m3",H7*I7*J7*K7,IF(B4="ml",H7*K7,IF(B4="und",K7,IF(B4="GLOBAL",K7,""))))) -> 214
G8: Cerramiento muro de contencion | H8: 58 | K8: 1 | L8: =+IF(B4="m2",H8*I8*K8,IF(B4="m3",H8*I8*J8*K8,IF(B4="ml",H8*K8,IF(B4="und",K8,IF(B4="GLOBAL",K8,""))))) -> 58
L9: =+IF(B4="m2",H9*I9*K9,IF(B4="m3",H9*I9*J9*K9,IF(B4="ml",H9*K9,IF(B4="und",K9,IF(B4="GLOBAL",K9,""))))) -> 0
L10: =+IF(B4="m2",H10*I10*K10,IF(B4="m3",H10*I10*J10*K10,IF(B4="ml",H10*K10,IF(B4="und",K10,IF(B4="GLOBAL",K10,""))))) -> 0
L11: =+IF(B4="m2",H11*I11*K11,IF(B4="m3",H11*I11*J11*K11,IF(B4="ml",H11*K11,IF(B4="und",K11,IF(B4="GLOBAL",K11,""))))) -> 0
L12: =+IF(B4="m2",H12*I12*K12,IF(B4="m3",H12*I12*J12*K12,IF(B4="ml",H12*K12,IF(B4="und",K12,IF(B4="GLOBAL",K12,""))))) -> 0
L13: =+IF(B4="m2",H13*I13*K13,IF(B4="m3",H13*I13*J13*K13,IF(B4="ml",H13*K13,IF(B4="und",K13,IF(B4="GLOBAL",K13,""))))) -> 0
L14: =+IF(B4="m2",H14*I14*K14,IF(B4="m3",H14*I14*J14*K14,IF(B4="ml",H14*K14,IF(B4="und",K14,IF(B4="GLOBAL",K14,""))))) -> 0
L15: =+IF(B4="m2",H15*I15*K15,IF(B4="m3",H15*I15*J15*K15,IF(B4="ml",H15*K15,IF(B4="und",K15,IF(B4="GLOBAL",K15,""))))) -> 0
L16: =+IF(B4="m2",H16*I16*K16,IF(B4="m3",H16*I16*J16*K16,IF(B4="ml",H16*K16,IF(B4="und",K16,IF(B4="GLOBAL",K16,""))))) -> 0
L17: =+IF(B4="m2",H17*I17*K17,IF(B4="m3",H17*I17*J17*K17,IF(B4="ml",H17*K17,IF(B4="und",K17,IF(B4="GLOBAL",K17,""))))) -> 0
L18: =+IF(B4="m2",H18*I18*K18,IF(B4="m3",H18*I18*J18*K18,IF(B4="ml",H18*K18,IF(B4="und",K18,IF(B4="GLOBAL",K18,""))))) -> 0
L19: =+IF(B4="m2",H19*I19*K19,IF(B4="m3",H19*I19*J19*K19,IF(B4="ml",H19*K19,IF(B4="und",K19,IF(B4="GLOBAL",K19,""))))) -> 0
L20: =+IF(B4="m2",H20*I20*K20,IF(B4="m3",H20*I20*J20*K20,IF(B4="ml",H20*K20,IF(B4="und",K20,IF(B4="GLOBAL",K20,""))))) -> 0
L21: =+IF(B4="m2",H21*I21*K21,IF(B4="m3",H21*I21*J21*K21,IF(B4="ml",H21*K21,IF(B4="und",K21,IF(B4="GLOBAL",K21,""))))) -> 0
G22: TOTAL | L22: =SUM(L7:L21) -> 272 | N22: =+A4 -> 1.01 | O22: =+L22 -> 272
A24: LISTADO DE MATERIALES A UTILIZAR EN ESTE ITEM
A25: ITEM | B25: DESCRIPCIÓN | C25: UNIDAD | D25: RENDIMIENTO | E25: CANTIDAD
A26: =IFERROR(VLOOKUP(B26,INSUMOS!A:D,4,FALSE),"") -> 385 | B26: =+IFERROR(VLOOKUP(N26,APU!J:M,4,FALSE),"") -> Guadua rolliza diámetro 10 cm x 3 m | C26: =+IFERROR(VLOOKUP(B26,INSUMOS!A:D,2,FALSE),"") -> Unidad | D26: =IFERROR(VLOOKUP(N26,APU!J:N,5,FALSE),"") -> 0.5 | E26: =IFERROR(D26*K4,"") -> 136 | N26: =+_xlfn.CONCAT("M",N22,O26) -> M1.011 | O26: 1 | P26: =+IFERROR(VLOOKUP(B26,INSUMOS!A:D,3,FALSE),"") -> 13755.21 | Q26: =IFERROR(E26*P26,"") -> 1870708.6
A27: =IFERROR(VLOOKUP(B27,INSUMOS!A:D,4,FALSE),"") -> 645 | B27: =+IFERROR(VLOOKUP(N27,APU!J:M,4,FALSE),"") -> Tela plástica para cerramiento (polisombra) altura 2,10 m cualquier color | C27: =+IFERROR(VLOOKUP(B27,INSUMOS!A:D,2,FALSE),"") -> Metro Lineal | D27: =IFERROR(VLOOKUP(N27,APU!J:N,5,FALSE),"") -> 1.03 | E27: =IFERROR(D27*K4,"") -> 280.16 | N27: =+_xlfn.CONCAT("M",N22,O27) -> M1.012 | O27: 2 | P27: =+IFERROR(VLOOKUP(B27,INSUMOS!A:D,3,FALSE),"") -> 9322.89 | Q27: =IFERROR(E27*P27,"") -> 2611900.9
A28: =IFERROR(VLOOKUP(B28,INSUMOS!A:D,4,FALSE),"") | B28: =+IFERROR(VLOOKUP(N28,APU!J:M,4,FALSE),"") -> 0 | C28: =+IFERROR(VLOOKUP(B28,INSUMOS!A:D,2,FALSE),"") | D28: =IFERROR(VLOOKUP(N28,APU!J:N,5,FALSE),"") -> 0 | E28: =IFERROR(D28*K4,"") -> 0 | N28: =+_xlfn.CONCAT("M",N22,O28) -> M1.013 | O28: 3 | P28: =+IFERROR(VLOOKUP(B28,INSUMOS!A:D,3,FALSE),"") | Q28: =IFERROR(E28*P28,"")
A29: =IFERROR(VLOOKUP(B29,INSUMOS!A:D,4,FALSE),"") | B29: =+IFERROR(VLOOKUP(N29,APU!J:M,4,FALSE),"") -> 0 | C29: =+IFERROR(VLOOKUP(B29,INSUMOS!A:D,2,FALSE),"") | D29: =IFERROR(VLOOKUP(N29,APU!J:N,5,FALSE),"") -> 0 | E29: =IFERROR(D29*K4,"") -> 0 | N29: =+_xlfn.CONCAT("M",N22,O29) -> M1.014 | O29: 4 | P29: =+IFERROR(VLOOKUP(B29,INSUMOS!A:D,3,FALSE),"") | Q29: =IFERROR(E29*P29,"")
A30: =IFERROR(VLOOKUP(B30,INSUMOS!A:D,4,FALSE),"") | B30: =+IFERROR(VLOOKUP(N30,APU!J:M,4,FALSE),"") -> 0 | C30: =+IFERROR(VLOOKUP(B30,INSUMOS!A:D,2,FALSE),"") | D30: =IFERROR(VLOOKUP(N30,APU!J:N,5,FALSE),"") -> 0 | E30: =IFERROR(D30*K4,"") -> 0 | N30: =+_xlfn.CONCAT("M",N22,O30) -> M1.015 | O30: 5 | P30: =+IFERROR(VLOOKUP(B30,INSUMOS!A:D,3,FALSE),"") | Q30: =IFERROR(E30*P30,"")
A31: =IFERROR(VLOOKUP(B31,INSUMOS!A:D,4,FALSE),"") | B31: =+IFERROR(VLOOKUP(N31,APU!J:M,4,FALSE),"") -> 0 | C31: =+IFERROR(VLOOKUP(B31,INSUMOS!A:D,2,FALSE),"") | D31: =IFERROR(VLOOKUP(N31,APU!J:N,5,FALSE),"") -> 0 | E31: =IFERROR(D31*K4,"") -> 0 | N31: =+_xlfn.CONCAT("M",N22,O31) -> M1.016 | O31: 6 | P31: =+IFERROR(VLOOKUP(B31,INSUMOS!A:D,3,FALSE),"") | Q31: =IFERROR(E31*P31,"")
A32: =IFERROR(VLOOKUP(B32,INSUMOS!A:D,4,FALSE),"") | B32: =+IFERROR(VLOOKUP(N32,APU!J:M,4,FALSE),"") -> 0 | C32: =+IFERROR(VLOOKUP(B32,INSUMOS!A:D,2,FALSE),"") | D32: =IFERROR(VLOOKUP(N32,APU!J:N,5,FALSE),"") -> 0 | E32: =IFERROR(D32*K4,"") -> 0 | N32: =+_xlfn.CONCAT("M",N22,O32) -> M1.017 | O32: 7 | P32: =+IFERROR(VLOOKUP(B32,INSUMOS!A:D,3,FALSE),"") | Q32: =IFERROR(E32*P32,"")
A33: =IFERROR(VLOOKUP(B33,INSUMOS!A:D,4,FALSE),"") | B33: =+IFERROR(VLOOKUP(N33,APU!J:M,4,FALSE),"") -> 0 | C33: =+IFERROR(VLOOKUP(B33,INSUMOS!A:D,2,FALSE),"") | D33: =IFERROR(VLOOKUP(N33,APU!J:N,5,FALSE),"") -> 0 | E33: =IFERROR(D33*K4,"") -> 0 | N33: =+_xlfn.CONCAT("M",N22,O33) -> M1.018 | O33: 8 | P33: =+IFERROR(VLOOKUP(B33,INSUMOS!A:D,3,FALSE),"") | Q33: =IFERROR(E33*P33,"")
A34: =IFERROR(VLOOKUP(B34,INSUMOS!A:D,4,FALSE),"") | B34: =+IFERROR(VLOOKUP(N34,APU!J:M,4,FALSE),"") -> 0 | C34: =+IFERROR(VLOOKUP(B34,INSUMOS!A:D,2,FALSE),"") | D34: =IFERROR(VLOOKUP(N34,APU!J:N,5,FALSE),"") -> 0 | E34: =IFERROR(D34*K4,"") -> 0 | N34: =+_xlfn.CONCAT("M",N22,O34) -> M1.019 | O34: 9 | P34: =+IFERROR(VLOOKUP(B34,INSUMOS!A:D,3,FALSE),"") | Q34: =IFERROR(E34*P34,"")
A35: =IFERROR(VLOOKUP(B35,INSUMOS!A:D,4,FALSE),"") | B35: =+IFERROR(VLOOKUP(N35,APU!J:M,4,FALSE),"") -> 0 | C35: =+IFERROR(VLOOKUP(B35,INSUMOS!A:D,2,FALSE),"") | D35: =IFERROR(VLOOKUP(N35,APU!J:N,5,FALSE),"") -> 0 | E35: =IFERROR(D35*K4,"") -> 0 | N35: =+_xlfn.CONCAT("M",N22,O35) -> M1.0110 | O35: 10 | P35: =+IFERROR(VLOOKUP(B35,INSUMOS!A:D,3,FALSE),"") | Q35: =IFERROR(E35*P35,"")
A36: =IFERROR(VLOOKUP(B36,INSUMOS!A:D,4,FALSE),"") | B36: =+IFERROR(VLOOKUP(N36,APU!J:M,4,FALSE),"") -> 0 | C36: =+IFERROR(VLOOKUP(B36,INSUMOS!A:D,2,FALSE),"") | D36: =IFERROR(VLOOKUP(N36,APU!J:N,5,FALSE),"") -> 0 | E36: =IFERROR(D36*K4,"") -> 0 | N36: =+_xlfn.CONCAT("M",N22,O36) -> M1.0111 | O36: 11 | P36: =+IFERROR(VLOOKUP(B36,INSUMOS!A:D,3,FALSE),"") | Q36: =IFERROR(E36*P36,"")
P38: =+A4 -> 1.01 | Q38: =SUM(Q26:Q36) -> 4482609.4
G41: =+'INF. GENERAL'!$B$19 -> JAVIER JOSÉ ROSADO MENDINUETA
G42: =+'INF. GENERAL'!$B$20 -> PROFESIONAL APOYO
A43: . | G43: =+'INF. GENERAL'!$B$21 -> MP: 08700-52350 | L43: .
A44: . | B44: MEMORIAS DE CALCULO | L44: .
A46: Ítem No. | B46: UNIDAD | C46: DESCRIPCIÓN | H46: CAPITULO | K46: CANTIDAD
A47: 1.02 | B47: =VLOOKUP(A47,PRESUPUESTO!$A$3:$F$973,5,FALSE) -> m2 | C47: =VLOOKUP(A47,PRESUPUESTO!$A$3:$F$973,4,FALSE) -> Trazado y replanteo | H47: =VLOOKUP(A47,PRESUPUESTO!$A$3:$F$973,3,FALSE) -> PRELIMINARES | K47: =ROUND(+L65,2) -> 292.4
A48: ESQUEMA | G48: Localización | H48: Dimensiones | L48: Total
A49: #VALUE! | H49: Longitud (m) | I49: Ancho (m) | J49: Alto (m) | K49: Cantidad
G50: Trazado zanjas de drenaje | H50: 374 | I50: 0.6 | K50: 1 | L50: =+IF(B47="m2",H50*I50*K50,IF(B47="m3",H50*I50*J50*K50,IF(B47="ml",H50*K50,IF(B47="UND",K50,IF(B47="GLOBAL",K50,""))))) -> 224.4
G51: Trazado carcamo | H51: 24 | I51: 1 | K51: 1 | L51: =+IF(B47="m2",H51*I51*K51,IF(B47="m3",H51*I51*J51*K51,IF(B47="ml",H51*K51,IF(B47="UND",K51,IF(B47="GLOBAL",K51,""))))) -> 24
G52: Trazado Gaviones | H52: 44 | I52: 1 | K52: 1 | L52: =+IF(B47="m2",H52*I52*K52,IF(B47="m3",H52*I52*J52*K52,IF(B47="ml",H52*K52,IF(B47="UND",K52,IF(B47="GLOBAL",K52,""))))) -> 44
L53: =+IF(B47="m2",H53*I53*K53,IF(B47="m3",H53*I53*J53*K53,IF(B47="ml",H53*K53,IF(B47="UND",K53,IF(B47="GLOBAL",K53,""))))) -> 0
L54: =+IF(B47="m2",H54*I54*K54,IF(B47="m3",H54*I54*J54*K54,IF(B47="ml",H54*K54,IF(B47="UND",K54,IF(B47="GLOBAL",K54,""))))) -> 0
L55: =+IF(B47="m2",H55*I55*K55,IF(B47="m3",H55*I55*J55*K55,IF(B47="ml",H55*K55,IF(B47="UND",K55,IF(B47="GLOBAL",K55,""))))) -> 0
L56: =+IF(B47="m2",H56*I56*K56,IF(B47="m3",H56*I56*J56*K56,IF(B47="ml",H56*K56,IF(B47="UND",K56,IF(B47="GLOBAL",K56,""))))) -> 0
L57: =+IF(B47="m2",H57*I57*K57,IF(B47="m3",H57*I57*J57*K57,IF(B47="ml",H57*K57,IF(B47="UND",K57,IF(B47="GLOBAL",K57,""))))) -> 0
L58: =+IF(B47="m2",H58*I58*K58,IF(B47="m3",H58*I58*J58*K58,IF(B47="ml",H58*K58,IF(B47="UND",K58,IF(B47="GLOBAL",K58,""))))) -> 0
L59: =+IF(B47="m2",H59*I59*K59,IF(B47="m3",H59*I59*J59*K59,IF(B47="ml",H59*K59,IF(B47="UND",K59,IF(B47="GLOBAL",K59,""))))) -> 0
L60: =+IF(B47="m2",H60*I60*K60,IF(B47="m3",H60*I60*J60*K60,IF(B47="ml",H60*K60,IF(B47="UND",K60,IF(B47="GLOBAL",K60,""))))) -> 0
L61: =+IF(B47="m2",H61*I61*K61,IF(B47="m3",H61*I61*J61*K61,IF(B47="ml",H61*K61,IF(B47="UND",K61,IF(B47="GLOBAL",K61,""))))) -> 0
L62: =+IF(B47="m2",H62*I62*K62,IF(B47="m3",H62*I62*J62*K62,IF(B47="ml",H62*K62,IF(B47="UND",K62,IF(B47="GLOBAL",K62,""))))) -> 0
L63: =+IF(B47="m2",H63*I63*K63,IF(B47="m3",H63*I63*J63*K63,IF(B47="ml",H63*K63,IF(B47="UND",K63,IF(B47="GLOBAL",K63,""))))) -> 0
L64: =+IF(B47="m2",H64*I64*K64,IF(B47="m3",H64*I64*J64*K64,IF(B47="ml",H64*K64,IF(B47="UND",K64,IF(B47="GLOBAL",K64,""))))) -> 0
G65: TOTAL | L65: =SUM(L50:L64) -> 292.4 | N65: =+A47 -> 1.02 | O65: =+L65 -> 292.4
A67: LISTADO DE MATERIALES A UTILIZAR EN ESTE ITEM
A68: ITEM | B68: DESCRIPCIÓN | C68: UNIDAD | D68: RENDIMIENTO | E68: CANTIDAD
A69: =IFERROR(VLOOKUP(B69,INSUMOS!A:D,4,FALSE),"") -> 605 | B69: =+IFERROR(VLOOKUP(N69,APU!J:M,4,FALSE),"") -> Puntilla con cabeza de 2" caja x 500 gr | C69: =+IFERROR(VLOOKUP(B69,INSUMOS!A:D,2,FALSE),"") -> Unidad | D69: =IFERROR(VLOOKUP(N69,APU!J:N,5,FALSE),"") -> 0.02 | E69: =IFERROR(D69*K47,"") -> 5.848 | N69: =+_xlfn.CONCAT("M",N65,O69) -> M1.021 | O69: 1 | P69: =+IFERROR(VLOOKUP(B69,INSUMOS!A:D,3,FALSE),"") -> 10330.58 | Q69: =IFERROR(E69*P69,"") -> 60413.232
A70: =IFERROR(VLOOKUP(B70,INSUMOS!A:D,4,FALSE),"") -> 401 | B70: =+IFERROR(VLOOKUP(N70,APU!J:M,4,FALSE),"") -> Estacas en madera entre 0,5 y 1,0 metro | C70: =+IFERROR(VLOOKUP(B70,INSUMOS!A:D,2,FALSE),"") -> Unidad | D70: =IFERROR(VLOOKUP(N70,APU!J:N,5,FALSE),"") -> 0.1 | E70: =IFERROR(D70*K47,"") -> 29.24 | N70: =+_xlfn.CONCAT("M",N65,O70) -> M1.022 | O70: 2 | P70: =+IFERROR(VLOOKUP(B70,INSUMOS!A:D,3,FALSE),"") -> 12315.93 | Q70: =IFERROR(E70*P70,"") -> 360117.79
A71: =IFERROR(VLOOKUP(B71,INSUMOS!A:D,4,FALSE),"") -> 403 | B71: =+IFERROR(VLOOKUP(N71,APU!J:M,4,FALSE),"") -> Listón de madera ordinaria 2" x 4" | C71: =+IFERROR(VLOOKUP(B71,INSUMOS!A:D,2,FALSE),"") -> Metro Lineal | D71: =IFERROR(VLOOKUP(N71,APU!J:N,5,FALSE),"") -> 0.1 | E71: =IFERROR(D71*K47,"") -> 29.24 | N71: =+_xlfn.CONCAT("M",N65,O71) -> M1.023 | O71: 3 | P71: =+IFERROR(VLOOKUP(B71,INSUMOS!A:D,3,FALSE),"") -> 26352.99 | Q71: =IFERROR(E71*P71,"") -> 770561.43
A72: =IFERROR(VLOOKUP(B72,INSUMOS!A:D,4,FALSE),"") -> 741 | B72: =+IFERROR(VLOOKUP(N72,APU!J:M,4,FALSE),"") -> Hilo Nylon carrete x 100 metros | C72: =+IFERROR(VLOOKUP(B72,INSUMOS!A:D,2,FALSE),"") -> Rollo | D72: =IFERROR(VLOOKUP(N72,APU!J:N,5,FALSE),"") -> 0.02 | E72: =IFERROR(D72*K47,"") -> 5.848 | N72: =+_xlfn.CONCAT("M",N65,O72) -> M1.024 | O72: 4 | P72: =+IFERROR(VLOOKUP(B72,INSUMOS!A:D,3,FALSE),"") -> 45829.21 | Q72: =IFERROR(E72*P72,"") -> 268009.22
A73: =IFERROR(VLOOKUP(B73,INSUMOS!A:D,4,FALSE),"") -> 3 | B73: =+IFERROR(VLOOKUP(N73,APU!J:M,4,FALSE),"") -> Cal apagada | C73: =+IFERROR(VLOOKUP(B73,INSUMOS!A:D,2,FALSE),"") -> Kilogramo | D73: =IFERROR(VLOOKUP(N73,APU!J:N,5,FALSE),"") -> 0.02 | E73: =IFERROR(D73*K47,"") -> 5.848 | N73: =+_xlfn.CONCAT("M",N65,O73) -> M1.025 | O73: 5 | P73: =+IFERROR(VLOOKUP(B73,INSUMOS!A:D,3,FALSE),"") -> 2745.78 | Q73: =IFERROR(E73*P73,"") -> 16057.321
A74: =IFERROR(VLOOKUP(B74,INSUMOS!A:D,4,FALSE),"") | B74: =+IFERROR(VLOOKUP(N74,APU!J:M,4,FALSE),"") -> 0 | C74: =+IFERROR(VLOOKUP(B74,INSUMOS!A:D,2,FALSE),"") | D74: =IFERROR(VLOOKUP(N74,APU!J:N,5,FALSE),"") -> 0 | E74: =IFERROR(D74*K47,"") -> 0 | N74: =+_xlfn.CONCAT("M",N65,O74) -> M1.026 | O74: 6 | P74: =+IFERROR(VLOOKUP(B74,INSUMOS!A:D,3,FALSE),"") | Q74: =IFERROR(E74*P74,"")
A75: =IFERROR(VLOOKUP(B75,INSUMOS!A:D,4,FALSE),"") | B75: =+IFERROR(VLOOKUP(N75,APU!J:M,4,FALSE),"") -> 0 | C75: =+IFERROR(VLOOKUP(B75,INSUMOS!A:D,2,FALSE),"") | D75: =IFERROR(VLOOKUP(N75,APU!J:N,5,FALSE),"") -> 0 | E75: =IFERROR(D75*K47,"") -> 0 | N75: =+_xlfn.CONCAT("M",N65,O75) -> M1.027 | O75: 7 | P75: =+IFERROR(VLOOKUP(B75,INSUMOS!A:D,3,FALSE),"") | Q75: =IFERROR(E75*P75,"")
A76: =IFERROR(VLOOKUP(B76,INSUMOS!A:D,4,FALSE),"") | B76: =+IFERROR(VLOOKUP(N76,APU!J:M,4,FALSE),"") -> 0 | C76: =+IFERROR(VLOOKUP(B76,INSUMOS!A:D,2,FALSE),"") | D76: =IFERROR(VLOOKUP(N76,APU!J:N,5,FALSE),"") -> 0 | E76: =IFERROR(D76*K47,"") -> 0 | N76: =+_xlfn.CONCAT("M",N65,O76) -> M1.028 | O76: 8 | P76: =+IFERROR(VLOOKUP(B76,INSUMOS!A:D,3,FALSE),"") | Q76: =IFERROR(E76*P76,"")
A77: =IFERROR(VLOOKUP(B77,INSUMOS!A:D,4,FALSE),"") | B77: =+IFERROR(VLOOKUP(N77,APU!J:M,4,FALSE),"") -> 0 | C77: =+IFERROR(VLOOKUP(B77,INSUMOS!A:D,2,FALSE),"") | D77: =IFERROR(VLOOKUP(N77,APU!J:N,5,FALSE),"") -> 0 | E77: =IFERROR(D77*K47,"") -> 0 | N77: =+_xlfn.CONCAT("M",N65,O77) -> M1.029 | O77: 9 | P77: =+IFERROR(VLOOKUP(B77,INSUMOS!A:D,3,FALSE),"") | Q77: =IFERROR(E77*P77,"")
A78: =IFERROR(VLOOKUP(B78,INSUMOS!A:D,4,FALSE),"") | B78: =+IFERROR(VLOOKUP(N78,APU!J:M,4,FALSE),"") -> 0 | C78: =+IFERROR(VLOOKUP(B78,INSUMOS!A:D,2,FALSE),"") | D78: =IFERROR(VLOOKUP(N78,APU!J:N,5,FALSE),"") -> 0 | E78: =IFERROR(D78*K47,"") -> 0 | N78: =+_xlfn.CONCAT("M",N65,O78) -> M1.0210 | O78: 10 | P78: =+IFERROR(VLOOKUP(B78,INSUMOS!A:D,3,FALSE),"") | Q78: =IFERROR(E78*P78,"")
A79: =IFERROR(VLOOKUP(B79,INSUMOS!A:D,4,FALSE),"") | B79: =+IFERROR(VLOOKUP(N79,APU!J:M,4,FALSE),"") -> 0 | C79: =+IFERROR(VLOOKUP(B79,INSUMOS!A:D,2,FALSE),"") | D79: =IFERROR(VLOOKUP(N79,APU!J:N,5,FALSE),"") -> 0 | E79: =IFERROR(D79*K47,"") -> 0 | N79: =+_xlfn.CONCAT("M",N65,O79) -> M1.0211 | O79: 11 | P79: =+IFERROR(VLOOKUP(B79,INSUMOS!A:D,3,FALSE),"") | Q79: =IFERROR(E79*P79,"")
P82: =+A47 -> 1.02 | Q82: =SUM(Q69:Q79) -> 1475159
G84: =+'INF. GENERAL'!$B$19 -> JAVIER JOSÉ ROSADO MENDINUETA
G85: =+'INF. GENERAL'!$B$20 -> PROFESIONAL APOYO
A86: . | G86: =+'INF. GENERAL'!$B$21 -> MP: 08700-52350 | L86: .
A87: . | B87: MEMORIAS DE CALCULO | L87: .
A88: . | L88: .
A89: Ítem No. | B89: UNIDAD | C89: DESCRIPCIÓN | H89: CAPITULO | K89: CANTIDAD
A90: 2,01 | B90: =VLOOKUP(A90,PRESUPUESTO!$A$3:$F$973,5,FALSE) -> m3 | C90: =VLOOKUP(A90,PRESUPUESTO!$A$3:$F$973,4,FALSE) -> Excavacion zanjas de drenaje y de carcamo | H90: =VLOOKUP(A90,PRESUPUESTO!$A$3:$F$973,3,FALSE) -> EXCAVACIONES, RELLENOS Y SISTEMA DE DRENAJE | K90: =ROUND(+L108,2) -> 138.72
A91: ESQUEMA | G91: Localización | H91: Dimensiones | L91: Total
A92: #VALUE! | H92: Longitud (m) | I92: Ancho (m) | J92: Alto (m) | K92: Cantidad
G93: Zanja A | H93: 36 | I93: 0.6 | J93: 0.686 | K93: 1 | L93: =+IF(B90="m2",H93*I93*K93,IF(B90="m3",H93*I93*J93*K93,IF(B90="ml",H93*K93,IF(B90="UND",K93,IF(B90="GLOBAL",K93,""))))) -> 14.8176
G94: Zanjas B | H94: 20 | I94: 0.4 | J94: 0.527 | K94: 2 | L94: =+IF(B90="m2",H94*I94*K94,IF(B90="m3",H94*I94*J94*K94,IF(B90="ml",H94*K94,IF(B90="UND",K94,IF(B90="GLOBAL",K94,""))))) -> 8.432
G95: Zanjas C | H95: 35 | I95: 0.4 | J95: 0.602 | K95: 2 | L95: =+IF(B90="m2",H95*I95*K95,IF(B90="m3",H95*I95*J95*K95,IF(B90="ml",H95*K95,IF(B90="UND",K95,IF(B90="GLOBAL",K95,""))))) -> 16.856
G96: Zanjas D | H96: 50 | I96: 0.4 | J96: 0.677 | K96: 2 | L96: =+IF(B90="m2",H96*I96*K96,IF(B90="m3",H96*I96*J96*K96,IF(B90="ml",H96*K96,IF(B90="UND",K96,IF(B90="GLOBAL",K96,""))))) -> 27.08
G97: Zanjas E | H97: 40 | I97: 0.4 | J97: 0.752 | K97: 2 | L97: =+IF(B90="m2",H97*I97*K97,IF(B90="m3",H97*I97*J97*K97,IF(B90="ml",H97*K97,IF(B90="UND",K97,IF(B90="GLOBAL",K97,""))))) -> 24.064
G98: Zanjas F | H98: 20 | I98: 0.4 | J98: 0.802 | K98: 2 | L98: =+IF(B90="m2",H98*I98*K98,IF(B90="m3",H98*I98*J98*K98,IF(B90="ml",H98*K98,IF(B90="UND",K98,IF(B90="GLOBAL",K98,""))))) -> 12.832
G99: Borde norte de la cancha | H99: 78 | I99: 0.4 | J99: 0.7 | K99: 1 | L99: =+IF(B90="m2",H99*I99*K99,IF(B90="m3",H99*I99*J99*K99,IF(B90="ml",H99*K99,IF(B90="UND",K99,IF(B90="GLOBAL",K99,""))))) -> 21.84
G100: Noreste de la cancha | H100: 40 | I100: 0.4 | J100: 0.8 | K100: 1 | L100: =+IF(B90="m2",H100*I100*K100,IF(B90="m3",H100*I100*J100*K100,IF(B90="ml",H100*K100,IF(B90="UND",K100,IF(B90="GLOBAL",K100,""))))) -> 12.8
L101: =+IF(B90="m2",H101*I101*K101,IF(B90="m3",H101*I101*J101*K101,IF(B90="ml",H101*K101,IF(B90="UND",K101,IF(B90="GLOBAL",K101,""))))) -> 0
L102: =+IF(B90="m2",H102*I102*K102,IF(B90="m3",H102*I102*J102*K102,IF(B90="ml",H102*K102,IF(B90="UND",K102,IF(B90="GLOBAL",K102,""))))) -> 0
L103: =+IF(B90="m2",H103*I103*K103,IF(B90="m3",H103*I103*J103*K103,IF(B90="ml",H103*K103,IF(B90="UND",K103,IF(B90="GLOBAL",K103,""))))) -> 0
L104: =+IF(B90="m2",H104*I104*K104,IF(B90="m3",H104*I104*J104*K104,IF(B90="ml",H104*K104,IF(B90="UND",K104,IF(B90="GLOBAL",K104,""))))) -> 0
L105: =+IF(B90="m2",H105*I105*K105,IF(B90="m3",H105*I105*J105*K105,IF(B90="ml",H105*K105,IF(B90="UND",K105,IF(B90="GLOBAL",K105,""))))) -> 0
L106: =+IF(B90="m2",H106*I106*K106,IF(B90="m3",H106*I106*J106*K106,IF(B90="ml",H106*K106,IF(B90="UND",K106,IF(B90="GLOBAL",K106,""))))) -> 0
L107: =+IF(B90="m2",H107*I107*K107,IF(B90="m3",H107*I107*J107*K107,IF(B90="ml",H107*K107,IF(B90="UND",K107,IF(B90="GLOBAL",K107,""))))) -> 0
G108: TOTAL | L108: =SUM(L93:L107) -> 138.7216 | N108: =+A90 -> 2,01 | O108: =+L108 -> 138.7216
A110: LISTADO DE MATERIALES A UTILIZAR EN ESTE ITEM
...

Sheet CopyMC
A1: . | B1: MEMORIAS DE CALCULO | L1: .
A2: . | L2: .
A3: Ítem No. | B3: UNIDAD | C3: DESCRIPCIÓN | H3: CAPITULO | K3: CANTIDAD
A4: 2,05 | B4: =VLOOKUP(A4,PRESUPUESTO!$A$3:$F$973,5,FALSE) -> und | C4: =VLOOKUP(A4,PRESUPUESTO!$A$3:$F$973,4,FALSE) -> Manhole | H4: =VLOOKUP(A4,PRESUPUESTO!$A$3:$F$973,3,FALSE) -> EXCAVACIONES, RELLENOS Y SISTEMA DE DRENAJE | K4: =ROUND(+L22,2) -> 1
A5: ESQUEMA | G5: Localización | H5: Dimensiones | L5: Total
H6: Longitud (m) | I6: Ancho (m) | J6: Alto (m) | K6: Cantidad
G7: =+C4 -> Manhole | H7: 51 | I7: 28.5 | K7: 1 | L7: =+IF(B4="m2",H7*I7*K7,IF(B4="m3",H7*I7*J7*K7,IF(B4="ml",H7*K7,IF(B4="UND",K7,IF(B4="GLOBAL",K7,""))))) -> 1
L8: =+IF(B4="m2",H8*I8*K8,IF(B4="m3",H8*I8*J8*K8,IF(B4="ml",H8*K8,IF(B4="UND",K8,IF(B4="GLOBAL",K8,""))))) -> 0
L9: =+IF(B4="m2",H9*I9*K9,IF(B4="m3",H9*I9*J9*K9,IF(B4="ml",H9*K9,IF(B4="UND",K9,IF(B4="GLOBAL",K9,""))))) -> 0
L10: =+IF(B4="m2",H10*I10*K10,IF(B4="m3",H10*I10*J10*K10,IF(B4="ml",H10*K10,IF(B4="UND",K10,IF(B4="GLOBAL",K10,""))))) -> 0
L11: =+IF(B4="m2",H11*I11*K11,IF(B4="m3",H11*I11*J11*K11,IF(B4="ml",H11*K11,IF(B4="UND",K11,IF(B4="GLOBAL",K11,""))))) -> 0
L12: =+IF(B4="m2",H12*I12*K12,IF(B4="m3",H12*I12*J12*K12,IF(B4="ml",H12*K12,IF(B4="UND",K12,IF(B4="GLOBAL",K12,""))))) -> 0
L13: =+IF(B4="m2",H13*I13*K13,IF(B4="m3",H13*I13*J13*K13,IF(B4="ml",H13*K13,IF(B4="UND",K13,IF(B4="GLOBAL",K13,""))))) -> 0
L14: =+IF(B4="m2",H14*I14*K14,IF(B4="m3",H14*I14*J14*K14,IF(B4="ml",H14*K14,IF(B4="UND",K14,IF(B4="GLOBAL",K14,""))))) -> 0
L15: =+IF(B4="m2",H15*I15*K15,IF(B4="m3",H15*I15*J15*K15,IF(B4="ml",H15*K15,IF(B4="UND",K15,IF(B4="GLOBAL",K15,""))))) -> 0
L16: =+IF(B4="m2",H16*I16*K16,IF(B4="m3",H16*I16*J16*K16,IF(B4="ml",H16*K16,IF(B4="UND",K16,IF(B4="GLOBAL",K16,""))))) -> 0
L17: =+IF(B4="m2",H17*I17*K17,IF(B4="m3",H17*I17*J17*K17,IF(B4="ml",H17*K17,IF(B4="UND",K17,IF(B4="GLOBAL",K17,""))))) -> 0
L18: =+IF(B4="m2",H18*I18*K18,IF(B4="m3",H18*I18*J18*K18,IF(B4="ml",H18*K18,IF(B4="UND",K18,IF(B4="GLOBAL",K18,""))))) -> 0
L19: =+IF(B4="m2",H19*I19*K19,IF(B4="m3",H19*I19*J19*K19,IF(B4="ml",H19*K19,IF(B4="UND",K19,IF(B4="GLOBAL",K19,""))))) -> 0
L20: =+IF(B4="m2",H20*I20*K20,IF(B4="m3",H20*I20*J20*K20,IF(B4="ml",H20*K20,IF(B4="UND",K20,IF(B4="GLOBAL",K20,""))))) -> 0
L21: =+IF(B4="m2",H21*I21*K21,IF(B4="m3",H21*I21*J21*K21,IF(B4="ml",H21*K21,IF(B4="UND",K21,IF(B4="GLOBAL",K21,""))))) -> 0
G22: TOTAL | L22: =SUM(L7:L21) -> 1 | N22: =+A4 -> 2,05 | O22: =+L22 -> 1
A24: LISTADO DE MATERIALES A UTILIZAR EN ESTE ITEM
A25: ITEM | B25: DESCRIPCIÓN | C25: UNIDAD | D25: RENDIMIENTO | E25: CANTIDAD
A26: =IFERROR(VLOOKUP(B26,INSUMOS!A:D,4,FALSE),"") -> 38 | B26: =+IFERROR(VLOOKUP(N26,APU!J:M,4,FALSE),"") -> Acero de refuerzo. Varilla corrugada w60 x 6m. Diámetro de 1/2” | C26: =+IFERROR(VLOOKUP(B26,INSUMOS!A:D,2,FALSE),"") -> Unidad | D26: =IFERROR(VLOOKUP(N26,APU!J:N,5,FALSE),"") -> 8.8065 | E26: =IFERROR(D26*K4,"") -> 8.8065 | N26: =+_xlfn.CONCAT("M",N22,O26) -> M2,051 | O26: 1 | P26: =+IFERROR(VLOOKUP(B26,INSUMOS!A:D,3,FALSE),"") -> 39832.25 | Q26: =IFERROR(E26*P26,"") -> 350782.71
A27: =IFERROR(VLOOKUP(B27,INSUMOS!A:D,4,FALSE),"") -> 437 | B27: =+IFERROR(VLOOKUP(N27,APU!J:M,4,FALSE),"") -> Alambre galvanizado No. 18 | C27: =+IFERROR(VLOOKUP(B27,INSUMOS!A:D,2,FALSE),"") -> Kilogramo | D27: =IFERROR(VLOOKUP(N27,APU!J:N,5,FALSE),"") -> 3.09 | E27: =IFERROR(D27*K4,"") -> 3.09 | N27: =+_xlfn.CONCAT("M",N22,O27) -> M2,052 | O27: 2 | P27: =+IFERROR(VLOOKUP(B27,INSUMOS!A:D,3,FALSE),"") -> 15126.22 | Q27: =IFERROR(E27*P27,"") -> 46740.02
A28: =IFERROR(VLOOKUP(B28,INSUMOS!A:D,4,FALSE),"") -> 605 | B28: =+IFERROR(VLOOKUP(N28,APU!J:M,4,FALSE),"") -> Puntilla con cabeza de 2" caja x 500 gr | C28: =+IFERROR(VLOOKUP(B28,INSUMOS!A:D,2,FALSE),"") -> Unidad | D28: =IFERROR(VLOOKUP(N28,APU!J:N,5,FALSE),"") -> 2.06 | E28: =IFERROR(D28*K4,"") -> 2.06 | N28: =+_xlfn.CONCAT("M",N22,O28) -> M2,053 | O28: 3 | P28: =+IFERROR(VLOOKUP(B28,INSUMOS!A:D,3,FALSE),"") -> 10330.58 | Q28: =IFERROR(E28*P28,"") -> 21280.995
A29: =IFERROR(VLOOKUP(B29,INSUMOS!A:D,4,FALSE),"") -> 471 | B29: =+IFERROR(VLOOKUP(N29,APU!J:M,4,FALSE),"") -> Cemento gris bulto x 50 kilogramos | C29: =+IFERROR(VLOOKUP(B29,INSUMOS!A:D,2,FALSE),"") -> Bulto | D29: =IFERROR(VLOOKUP(N29,APU!J:N,5,FALSE),"") -> 15.88672 | E29: =IFERROR(D29*K4,"") -> 15.88672 | N29: =+_xlfn.CONCAT("M",N22,O29) -> M2,054 | O29: 4 | P29: =+IFERROR(VLOOKUP(B29,INSUMOS!A:D,3,FALSE),"") -> 50453.95 | Q29: =IFERROR(E29*P29,"") -> 801547.78
A30: =IFERROR(VLOOKUP(B30,INSUMOS!A:D,4,FALSE),"") -> 66 | B30: =+IFERROR(VLOOKUP(N30,APU!J:M,4,FALSE),"") -> Arena de río | C30: =+IFERROR(VLOOKUP(B30,INSUMOS!A:D,2,FALSE),"") -> Metro cubico | D30: =IFERROR(VLOOKUP(N30,APU!J:N,5,FALSE),"") -> 1.2532 | E30: =IFERROR(D30*K4,"") -> 1.2532 | N30: =+_xlfn.CONCAT("M",N22,O30) -> M2,055 | O30: 5 | P30: =+IFERROR(VLOOKUP(B30,INSUMOS!A:D,3,FALSE),"") -> 243964.03 | Q30: =IFERROR(E30*P30,"") -> 305735.72
A31: =IFERROR(VLOOKUP(B31,INSUMOS!A:D,4,FALSE),"") -> 71 | B31: =+IFERROR(VLOOKUP(N31,APU!J:M,4,FALSE),"") -> Grava triturada 3/4" | C31: =+IFERROR(VLOOKUP(B31,INSUMOS!A:D,2,FALSE),"") -> Metro cubico | D31: =IFERROR(VLOOKUP(N31,APU!J:N,5,FALSE),"") -> 2.169 | E31: =IFERROR(D31*K4,"") -> 2.169 | N31: =+_xlfn.CONCAT("M",N22,O31) -> M2,056 | O31: 6 | P31: =+IFERROR(VLOOKUP(B31,INSUMOS!A:D,3,FALSE),"") -> 288567.81 | Q31: =IFERROR(E31*P31,"") -> 625903.58
A32: =IFERROR(VLOOKUP(B32,INSUMOS!A:D,4,FALSE),"") | B32: =+IFERROR(VLOOKUP(N32,APU!J:M,4,FALSE),"") -> Concreto 3000 psi APORTE ALCALDIA | C32: =+IFERROR(VLOOKUP(B32,INSUMOS!A:D,2,FALSE),"") | D32: =IFERROR(VLOOKUP(N32,APU!J:N,5,FALSE),"") -> 2.4823 | E32: =IFERROR(D32*K4,"") -> 2.4823 | N32: =+_xlfn.CONCAT("M",N22,O32) -> M2,057 | O32: 7 | P32: =+IFERROR(VLOOKUP(B32,INSUMOS!A:D,3,FALSE),"") | Q32: =IFERROR(E32*P32,"")
A33: =IFERROR(VLOOKUP(B33,INSUMOS!A:D,4,FALSE),"") -> 384 | B33: =+IFERROR(VLOOKUP(N33,APU!J:M,4,FALSE),"") -> Cuartón en madera Otobo 2" x 4" | C33: =+IFERROR(VLOOKUP(B33,INSUMOS!A:D,2,FALSE),"") -> Metro Lineal | D33: =IFERROR(VLOOKUP(N33,APU!J:N,5,FALSE),"") -> 9.27 | E33: =IFERROR(D33*K4,"") -> 9.27 | N33: =+_xlfn.CONCAT("M",N22,O33) -> M2,058 | O33: 8 | P33: =+IFERROR(VLOOKUP(B33,INSUMOS!A:D,3,FALSE),"") -> 15821.64 | Q33: =IFERROR(E33*P33,"") -> 146666.6
A34: =IFERROR(VLOOKUP(B34,INSUMOS!A:D,4,FALSE),"") -> 386 | B34: =+IFERROR(VLOOKUP(N34,APU!J:M,4,FALSE),"") -> Guadua rolliza diámetro 12 cm x 5 m | C34: =+IFERROR(VLOOKUP(B34,INSUMOS!A:D,2,FALSE),"") -> Unidad | D34: =IFERROR(VLOOKUP(N34,APU!J:N,5,FALSE),"") -> 3.09 | E34: =IFERROR(D34*K4,"") -> 3.09 | N34: =+_xlfn.CONCAT("M",N22,O34) -> M2,059 | O34: 9 | P34: =+IFERROR(VLOOKUP(B34,INSUMOS!A:D,3,FALSE),"") -> 54637.62 | Q34: =IFERROR(E34*P34,"") -> 168830.25
A35: =IFERROR(VLOOKUP(B35,INSUMOS!A:D,4,FALSE),"") -> 410 | B35: =+IFERROR(VLOOKUP(N35,APU!J:M,4,FALSE),"") -> Tabla madera canteada (0,25 x 0,0025 x 3ml) | C35: =+IFERROR(VLOOKUP(B35,INSUMOS!A:D,2,FALSE),"") -> Unidad | D35: =IFERROR(VLOOKUP(N35,APU!J:N,5,FALSE),"") -> 3.09 | E35: =IFERROR(D35*K4,"") -> 3.09 | N35: =+_xlfn.CONCAT("M",N22,O35) -> M2,0510 | O35: 10 | P35: =+IFERROR(VLOOKUP(B35,INSUMOS!A:D,3,FALSE),"") -> 69470.6 | Q35: =IFERROR(E35*P35,"") -> 214664.15
A36: =IFERROR(VLOOKUP(B36,INSUMOS!A:D,4,FALSE),"") -> 42 | B36: =+IFERROR(VLOOKUP(N36,APU!J:M,4,FALSE),"") -> Acero de refuerzo. Varilla corrugada w60 x 6m. Diámetro de 3/8” | C36: =+IFERROR(VLOOKUP(B36,INSUMOS!A:D,2,FALSE),"") -> Unidad | D36: =IFERROR(VLOOKUP(N36,APU!J:N,5,FALSE),"") -> 2.2248 | E36: =IFERROR(D36*K4,"") -> 2.2248 | N36: =+_xlfn.CONCAT("M",N22,O36) -> M2,0511 | O36: 11 | P36: =+IFERROR(VLOOKUP(B36,INSUMOS!A:D,3,FALSE),"") -> 23015.19 | Q36: =IFERROR(E36*P36,"") -> 51204.195
P39: =+A4 -> 2,05 | Q39: =SUM(Q26:Q36) -> 2733356
G41: =+'INF. GENERAL'!$B$19 -> JAVIER JOSÉ ROSADO MENDINUETA
G42: =+'INF. GENERAL'!$B$20 -> PROFESIONAL APOYO
A43: . | G43: =+'INF. GENERAL'!$B$21 -> MP: 08700-52350 | L43: .

Sheet APU
A1: =+'INF. GENERAL'!$B$13 -> REPUBLICA DE COLOMBIA
A2: =+'INF. GENERAL'!$B$14 -> FUNDACIÓN
A3: =+'INF. GENERAL'!$B$15 -> MAGDALENA
A4: =+CONCATENATE('INF. GENERAL'!$A$4,'INF. GENERAL'!$B$4) -> OBJETO: ACTIVIDADES ADICIONALES A LA ADECUACIÓN DE LA CANCHA DE FÚTBOL (ID 2615), VEREDA COMUNIDAD CRISTALINA BAJA (ID 200), MUNICIPIO DE FUNDACION, MAGDALENA
A5: ANALISIS DE PRECIOS UNITARIOS | G5: Cantidad | H5: =+VLOOKUP(H7,PRESUPUESTO!$A$1:$F$973,6,FALSE) -> 272
A6: CAPITULO | B6: =VLOOKUP(H7,PRESUPUESTO!$A$3:$F$973,3,FALSE) -> PRELIMINARES | E6: Unidad | F6: =+VLOOKUP(H7,PRESUPUESTO!$A$1:$F$973,5,FALSE) -> ml | G6: Especific.
A7: DESCRIPCIÓN | B7: =+VLOOKUP(H7,PRESUPUESTO!$A$1:$F$973,4,FALSE) -> Cerramiento en lona verde incluye estructura | G7: ITEM | H7: 1.01
A8: EQUIPOS
A9: Descripción | B9: Column1 | C9: Column2 | D9: Column3 | E9: Tarifa | F9: Rendimiento | G9: Valor Parcial
A10: Herramienta Menor | G10: =1.0953*761.61795 -> 834.20014
A11: Consumibles | G11: =507.7453*1.0953 -> 556.13343
A14: SUBTOTAL EQUIPOS | H14: =SUM(G10:G13) -> 1390.3336 | J14: =+H7 -> 1.01 | K14: =+H14 -> 1390.3336
A15: MATERIALES
A16: Descripcion | B16: Columna1 | C16: Columna2 | D16: Unid. | E16: Precio Unit. | F16: Cantidad | G16: Vr. Unitario
A17: Guadua rolliza diámetro 10 cm x 3 m | D17: =IFERROR(VLOOKUP(MATERIALES_1[[#This Row],[Descripcion]],INSUM_[#All],2,FALSE),"") -> Unidad | E17: =IFERROR(VLOOKUP(MATERIALES_1[[#This Row],[Descripcion]],INSUM_[#All],3,FALSE),"") -> 13755.21 | F17: 0.5 | G17: =+IFERROR(E17*F17,"") -> 6877.605 | J17: =+_xlfn.CONCAT("M",J14,K17) -> M1.011 | K17: 1 | L17: =+IFERROR(G17*H5,"") -> 1870708.6 | M17: =+A17 -> Guadua rolliza diámetro 10 cm x 3 m | N17: =+F17 -> 0.5
A18: Tela plástica para cerramiento (polisombra) altura 2,10 m cualquier color | D18: =IFERROR(VLOOKUP(MATERIALES_1[[#This Row],[Descripcion]],INSUM_[#All],2,FALSE),"") -> Metro Lineal | E18: =IFERROR(VLOOKUP(MATERIALES_1[[#This Row],[Descripcion]],INSUM_[#All],3,FALSE),"") -> 9322.89 | F18: 1.03 | G18: =+IFERROR(E18*F18,"") -> 9602.5767 | J18: =+_xlfn.CONCAT("M",J14,K18) -> M1.012 | K18: 2 | L18: =+IFERROR(G18*H5,"") -> 2611900.9 | M18: =+A18 -> Tela plástica para cerramiento (polisombra) altura 2,10 m cualquier color | N18: =+F18 -> 1.03
D19: =IFERROR(VLOOKUP(MATERIALES_1[[#This Row],[Descripcion]],INSUM_[#All],2,FALSE),"") | E19: =IFERROR(VLOOKUP(MATERIALES_1[[#This Row],[Descripcion]],INSUM_[#All],3,FALSE),"") | G19: =+IFERROR(E19*F19,"") | J19: =+_xlfn.CONCAT("M",J14,K19) -> M1.013 | K19: 3 | L19: =+IFERROR(G19*H5,"") | M19: =+A19 -> 0 | N19: =+F19 -> 0
D20: =IFERROR(VLOOKUP(MATERIALES_1[[#This Row],[Descripcion]],INSUM_[#All],2,FALSE),"") | E20: =IFERROR(VLOOKUP(MATERIALES_1[[#This Row],[Descripcion]],INSUM_[#All],3,FALSE),"") | G20: =+IFERROR(E20*F20,"") | J20: =+_xlfn.CONCAT("M",J14,K20) -> M1.014 | K20: 4 | L20: =+IFERROR(G20*H5,"") | M20: =+A20 -> 0 | N20: =+F20 -> 0
D21: =IFERROR(VLOOKUP(MATERIALES_1[[#This Row],[Descripcion]],INSUM_[#All],2,FALSE),"") | E21: =IFERROR(VLOOKUP(MATERIALES_1[[#This Row],[Descripcion]],INSUM_[#All],3,FALSE),"") | G21: =+IFERROR(E21*F21,"") | J21: =+_xlfn.CONCAT("M",J14,K21) -> M1.015 | K21: 5 | L21: =+IFERROR(G21*H5,"") | M21: =+A21 -> 0 | N21: =+F21 -> 0
D22: =IFERROR(VLOOKUP(MATERIALES_1[[#This Row],[Descripcion]],INSUM_[#All],2,FALSE),"") | E22: =IFERROR(VLOOKUP(MATERIALES_1[[#This Row],[Descripcion]],INSUM_[#All],3,FALSE),"") | G22: =+IFERROR(E22*F22,"") | J22: =+_xlfn.CONCAT("M",J14,K22) -> M1.016 | K22: 6 | L22: =+IFERROR(G22*H5,"") | M22: =+A22 -> 0 | N22: =+F22 -> 0
D23: =IFERROR(VLOOKUP(MATERIALES_1[[#This Row],[Descripcion]],INSUM_[#All],2,FALSE),"") | E23: =IFERROR(VLOOKUP(MATERIALES_1[[#This Row],[Descripcion]],INSUM_[#All],3,FALSE),"") | G23: =+IFERROR(E23*F23,"") | J23: =+_xlfn.CONCAT("M",J14,K23) -> M1.017 | K23: 7 | L23: =+IFERROR(G23*H5,"") | M23: =+A23 -> 0 | N23: =+F23 -> 0
D24: =IFERROR(VLOOKUP(MATERIALES_1[[#This Row],[Descripcion]],INSUM_[#All],2,FALSE),"") | E24: =IFERROR(VLOOKUP(MATERIALES_1[[#This Row],[Descripcion]],INSUM_[#All],3,FALSE),"") | G24: =+IFERROR(E24*F24,"") | J24: =+_xlfn.CONCAT("M",J14,K24) -> M1.018 | K24: 8 | L24: =+IFERROR(G24*H5,"") | M24: =+A24 -> 0 | N24: =+F24 -> 0
D25: =IFERROR(VLOOKUP(MATERIALES_1[[#This Row],[Descripcion]],INSUM_[#All],2,FALSE),"") | E25: =IFERROR(VLOOKUP(MATERIALES_1[[#This Row],[Descripcion]],INSUM_[#All],3,FALSE),"") | G25: =+IFERROR(E25*F25,"") | J25: =+_xlfn.CONCAT("M",J14,K25) -> M1.019 | K25: 9 | L25: =+IFERROR(G25*H5,"") | M25: =+A25 -> 0 | N25: =+F25 -> 0
D26: =IFERROR(VLOOKUP(MATERIALES_1[[#This Row],[Descripcion]],INSUM_[#All],2,FALSE),"") | E26: =IFERROR(VLOOKUP(MATERIALES_1[[#This Row],[Descripcion]],INSUM_[#All],3,FALSE),"") | G26: =+IFERROR(E26*F26,"") | J26: =+_xlfn.CONCAT("M",J14,K26) -> M1.0110 | K26: 10 | L26: =+IFERROR(G26*H5,"") | M26: =+A26 -> 0 | N26: =+F26 -> 0
D27: =IFERROR(VLOOKUP(MATERIALES_1[[#This Row],[Descripcion]],INSUM_[#All],2,FALSE),"") | E27: =IFERROR(VLOOKUP(MATERIALES_1[[#This Row],[Descripcion]],INSUM_[#All],3,FALSE),"") | G27: =+IFERROR(E27*F27,"") | J27: =+_xlfn.CONCAT("M",J14,K27) -> M1.0111 | K27: 11 | L27: =+IFERROR(G27*H5,"") | M27: =+A27 -> 0 | N27: =+F27 -> 0
A28: SUBTOTAL MATERIALES | H28: =SUM(G17:G27) -> 16480.182 | K28: =+H7 -> 1.01 | L28: =SUM(L17:L27) -> 4482609.4 | M28: =+TR1.1 -> 16480.182
A29: TRANSPORTE
A30: Descripción | B30: Columna1 | C30: Distancia Km. | D30: Vol o Peso | E30: Tarifa | F30: Cantidad | G30: Vr. Unitario
A31: Transporte de materiales | C31: 1 | D31: 1 | E31: =1.0953*500 -> 547.65 | F31: 1 | G31: =E31*F31*D31 -> 547.65
G32: =E32*F32*D32 -> 0
A33: SUBTOTAL TRANSPORTE | H33: =G31+G32 -> 547.65 | L33: =+H7 -> 1.01 | M33: =+MO1.1 -> 547.65
A34: MANO_DE_OBRA
A35: Descripción | B35: Cant | C35: Jornal | D35: Prestaciones | E35: Jornal Total | F35: Rendimiento | G35: Valor Parcial
A36: Ayudante | B36: 1 | C36: =1.0953*1800000/30 -> 65718 | D36: 1.75 | E36: =B36*C36*(D36) -> 115006.5 | F36: 0.034285714 | G36: =E36*F36 -> 3943.08
A37: Oficial | B37: 1 | C37: =1.0953*2600000/30 -> 94926 | D37: 1.68 | E37: =B37*C37*(D37) -> 159475.68 | F37: =+F36 -> 0.034285714 | G37: =E37*F37 -> 5467.7376
A38: SUBTOTAL MANO DE OBRA | H38: =SUM(G36:G37) -> 9410.8176 | M38: =+H7 -> 1.01 | N38: =+H38 -> 9410.8176
A40: TOTAL COSTO DIRECTO UNITARIO | H40: =H38+H33+H28+H14 -> 27828.983
D42: COSTO DIRECTO | H42: =H40 -> 27828.983
A44: OBSERVACIONES
E45: Elaboró
E46: =IF('INF. GENERAL'!$B$19=0," ",'INF. GENERAL'!$B$19) -> JAVIER JOSÉ ROSADO MENDINUETA
E47: =IF('INF. GENERAL'!$B$20=0," ",'INF. GENERAL'!$B$20) -> PROFESIONAL APOYO
E48: =IF('INF. GENERAL'!$B$18=0," ",'INF. GENERAL'!$B$18) -> ALCALDÍA MUNICIPAL DE FUNDACIÓN - MAGDALENA
E49: =IF('INF. GENERAL'!$B$21=0," ",'INF. GENERAL'!$B$21) -> MP: 08700-52350
A50: . | H50: .
A51: =+'INF. GENERAL'!$B$13 -> REPUBLICA DE COLOMBIA
A52: =+'INF. GENERAL'!$B$14 -> FUNDACIÓN
A53: =+'INF. GENERAL'!$B$15 -> MAGDALENA
A54: =+CONCATENATE('INF. GENERAL'!$A$4,'INF. GENERAL'!$B$4) -> OBJETO: ACTIVIDADES ADICIONALES A LA ADECUACIÓN DE LA CANCHA DE FÚTBOL (ID 2615), VEREDA COMUNIDAD CRISTALINA BAJA (ID 200), MUNICIPIO DE FUNDACION, MAGDALENA
A55: ANALISIS DE PRECIOS UNITARIOS | G55: Cantidad | H55: =+VLOOKUP(H57,PRESUPUESTO!$A$1:$F$973,6,FALSE) -> 292.4
A56: CAPITULO | B56: =VLOOKUP(H57,PRESUPUESTO!$A$3:$F$973,3,FALSE) -> PRELIMINARES | E56: Unidad | F56: =+VLOOKUP(H57,PRESUPUESTO!$A$1:$F$973,5,FALSE) -> m2 | G56: Especific.
A57: DESCRIPCIÓN | B57: =+VLOOKUP(H57,PRESUPUESTO!$A$1:$F$973,4,FALSE) -> Trazado y replanteo | G57: ITEM | H57: 1.02
A58: EQUIPOS
A59: Descripción | B59: Column1 | C59: Column2 | D59: Column3 | E59: Tarifa | F59: Rendimiento | G59: Valor Parcial
A60: Herramienta Menor | G60: =1.0953*231.341325 -> 253.38815
A61: Consumibles | G61: =1.0953*771.13775 -> 844.62718
A64: SUBTOTAL EQUIPOS | H64: =SUM(G60:G63) -> 1098.0153 | J64: =+H57 -> 1.02 | K64: =+H64 -> 1098.0153
A65: MATERIALES
A66: Descripcion | B66: Columna1 | C66: Columna2 | D66: Unid. | E66: Precio Unit. | F66: Cantidad | G66: Vr. Unitario
A67: Puntilla con cabeza de 2" caja x 500 gr | D67: =IFERROR(VLOOKUP(MATERIALES_03522[[#This Row],[Descripcion]],INSUM_[#All],2,FALSE),"") -> Unidad | E67: =IFERROR(VLOOKUP(MATERIALES_03522[[#This Row],[Descripcion]],INSUM_[#All],3,FALSE),"") -> 10330.58 | F67: 0.02 | G67: =+IFERROR(E67*F67,"") -> 206.6116 | J67: =+_xlfn.CONCAT("M",J64,K67) -> M1.021 | K67: 1 | L67: =+IFERROR(G67*H55,"") -> 60413.232 | M67: =+A67 -> Puntilla con cabeza de 2" caja x 500 gr | N67: =+F67 -> 0.02
A68: Estacas en madera entre 0,5 y 1,0 metro | D68: =IFERROR(VLOOKUP(MATERIALES_03522[[#This Row],[Descripcion]],INSUM_[#All],2,FALSE),"") -> Unidad | E68: =IFERROR(VLOOKUP(MATERIALES_03522[[#This Row],[Descripcion]],INSUM_[#All],3,FALSE),"") -> 12315.93 | F68: 0.1 | G68: =+IFERROR(E68*F68,"") -> 1231.593 | J68: =+_xlfn.CONCAT("M",J64,K68) -> M1.022 | K68: 2 | L68: =+IFERROR(G68*H55,"") -> 360117.79 | M68: =+A68 -> Estacas en madera entre 0,5 y 1,0 metro | N68: =+F68 -> 0.1
A69: Listón de madera ordinaria 2" x 4" | D69: =IFERROR(VLOOKUP(MATERIALES_03522[[#This Row],[Descripcion]],INSUM_[#All],2,FALSE),"") -> Metro Lineal | E69: =IFERROR(VLOOKUP(MATERIALES_03522[[#This Row],[Descripcion]],INSUM_[#All],3,FALSE),"") -> 26352.99 | F69: 0.1 | G69: =+IFERROR(E69*F69,"") -> 2635.299 | J69: =+_xlfn.CONCAT("M",J64,K69) -> M1.023 | K69: 3 | L69: =+IFERROR(G69*H55,"") -> 770561.43 | M69: =+A69 -> Listón de madera ordinaria 2" x 4" | N69: =+F69 -> 0.1
A70: Hilo Nylon carrete x 100 metros | D70: =IFERROR(VLOOKUP(MATERIALES_03522[[#This Row],[Descripcion]],INSUM_[#All],2,FALSE),"") -> Rollo | E70: =IFERROR(VLOOKUP(MATERIALES_03522[[#This Row],[Descripcion]],INSUM_[#All],3,FALSE),"") -> 45829.21 | F70: 0.02 | G70: =+IFERROR(E70*F70,"") -> 916.5842 | J70: =+_xlfn.CONCAT("M",J64,K70) -> M1.024 | K70: 4 | L70: =+IFERROR(G70*H55,"") -> 268009.22 | M70: =+A70 -> Hilo Nylon carrete x 100 metros | N70: =+F70 -> 0.02
A71: Cal apagada | D71: =IFERROR(VLOOKUP(MATERIALES_03522[[#This Row],[Descripcion]],INSUM_[#All],2,FALSE),"") -> Kilogramo | E71: =IFERROR(VLOOKUP(MATERIALES_03522[[#This Row],[Descripcion]],INSUM_[#All],3,FALSE),"") -> 2745.78 | F71: 0.02 | G71: =+IFERROR(E71*F71,"") -> 54.9156 | J71: =+_xlfn.CONCAT("M",J64,K71) -> M1.025 | K71: 5 | L71: =+IFERROR(G71*H55,"") -> 16057.321 | M71: =+A71 -> Cal apagada | N71: =+F71 -> 0.02
D72: =IFERROR(VLOOKUP(MATERIALES_03522[[#This Row],[Descripcion]],INSUM_[#All],2,FALSE),"") | E72: =IFERROR(VLOOKUP(MATERIALES_03522[[#This Row],[Descripcion]],INSUM_[#All],3,FALSE),"") | G72: =+IFERROR(E72*F72,"") | J72: =+_xlfn.CONCAT("M",J64,K72) -> M1.026 | K72: 6 | L72: =+IFERROR(G72*H55,"") | M72: =+A72 -> 0 | N72: =+F72 -> 0
D73: =IFERROR(VLOOKUP(MATERIALES_03522[[#This Row],[Descripcion]],INSUM_[#All],2,FALSE),"") | E73: =IFERROR(VLOOKUP(MATERIALES_03522[[#This Row],[Descripcion]],INSUM_[#All],3,FALSE),"") | G73: =+IFERROR(E73*F73,"") | J73: =+_xlfn.CONCAT("M",J64,K73) -> M1.027 | K73: 7 | L73: =+IFERROR(G73*H55,"") | M73: =+A73 -> 0 | N73: =+F73 -> 0
D74: =IFERROR(VLOOKUP(MATERIALES_03522[[#This Row],[Descripcion]],INSUM_[#All],2,FALSE),"") | E74: =IFERROR(VLOOKUP(MATERIALES_03522[[#This Row],[Descripcion]],INSUM_[#All],3,FALSE),"") | G74: =+IFERROR(E74*F74,"") | J74: =+_xlfn.CONCAT("M",J64,K74) -> M1.028 | K74: 8 | L74: =+IFERROR(G74*H55,"") | M74: =+A74 -> 0 | N74: =+F74 -> 0
D75: =IFERROR(VLOOKUP(MATERIALES_03522[[#This Row],[Descripcion]],INSUM_[#All],2,FALSE),"") | E75: =IFERROR(VLOOKUP(MATERIALES_03522[[#This Row],[Descripcion]],INSUM_[#All],3,FALSE),"") | G75: =+IFERROR(E75*F75,"") | J75: =+_xlfn.CONCAT("M",J64,K75) -> M1.029 | K75: 9 | L75: =+IFERROR(G75*H55,"") | M75: =+A75 -> 0 | N75: =+F75 -> 0
D76: =IFERROR(VLOOKUP(MATERIALES_03522[[#This Row],[Descripcion]],INSUM_[#All],2,FALSE),"") | E76: =IFERROR(VLOOKUP(MATERIALES_03522[[#This Row],[Descripcion]],INSUM_[#All],3,FALSE),"") | G76: =+IFERROR(E76*F76,"") | J76: =+_xlfn.CONCAT("M",J64,K76) -> M1.0210 | K76: 10 | L76: =+IFERROR(G76*H55,"") | M76: =+A76 -> 0 | N76: =+F76 -> 0
D77: =IFERROR(VLOOKUP(MATERIALES_03522[[#This Row],[Descripcion]],INSUM_[#All],2,FALSE),"") | E77: =IFERROR(VLOOKUP(MATERIALES_03522[[#This Row],[Descripcion]],INSUM_[#All],3,FALSE),"") | G77: =+IFERROR(E77*F77,"") | J77: =+_xlfn.CONCAT("M",J64,K77) -> M1.0211 | K77: 11 | L77: =+IFERROR(G77*H55,"") | M77: =+A77 -> 0 | N77: =+F77 -> 0
A78: SUBTOTAL MATERIALES | H78: =SUM(G67:G77) -> 5045.0034 | K78: =+H57 -> 1.02 | L78: =SUM(L67:L77) -> 1475159 | M78: =+H78 -> 5045.0034
A79: TRANSPORTE
A80: Descripción | B80: Columna1 | C80: Distancia Km. | D80: Vol o Peso | E80: Tarifa | F80: Cantidad | G80: Vr. Unitario
A81: Transporte de materiales | C81: 1 | D81: 1 | E81: =1.0953*500 -> 547.65 | F81: 1 | G81: 200
G82: =E82*F82*D82 -> 0
A83: SUBTOTAL TRANSPORTE | H83: =G81+G82 -> 200 | L83: =+H57 -> 1.02 | M83: =+H83 -> 200
A84: MANO_DE_OBRA
A85: Descripción | B85: Cant | C85: Jornal | D85: Prestaciones | E85: Jornal Total | F85: Rendimiento | G85: Valor Parcial
A86: Ayudante | B86: 1 | C86: =1.0953*60000 -> 65718 | D86: 1.75 | E86: =B86*C86*(D86) -> 115006.5 | F86: 0.016129609 | G86: =E86*F86 -> 1855.0099
A87: Oficial | B87: 1 | C87: =1.0953*2600000/30 -> 94926 | D87: 1.68 | E87: =B87*C87*(D87) -> 159475.68 | F87: =F86 -> 0.016129609 | G87: =E87*F87 -> 2572.2804
A88: SUBTOTAL MANO DE OBRA | H88: =SUM(G86:G87) -> 4427.2902 | M88: =+H57 -> 1.02 | N88: =+H88 -> 4427.2902
A90: TOTAL COSTO DIRECTO UNITARIO | H90: =H88+H83+H78+H64 -> 10770.309
D92: COSTO DIRECTO | H92: =H90 -> 10770.309
A94: OBSERVACIONES
E95: Elaboró
E96: =IF('INF. GENERAL'!$B$19=0," ",'INF. GENERAL'!$B$19) -> JAVIER JOSÉ ROSADO MENDINUETA
E97: =IF('INF. GENERAL'!$B$20=0," ",'INF. GENERAL'!$B$20) -> PROFESIONAL APOYO
E98: =IF('INF. GENERAL'!$B$18=0," ",'INF. GENERAL'!$B$18) -> ALCALDÍA MUNICIPAL DE FUNDACIÓN - MAGDALENA
E99: =IF('INF. GENERAL'!$B$21=0," ",'INF. GENERAL'!$B$21) -> MP: 08700-52350
A100: . | H100: .
A101: =+'INF. GENERAL'!$B$13 -> REPUBLICA DE COLOMBIA
A102: =+'INF. GENERAL'!$B$14 -> FUNDACIÓN
A103: =+'INF. GENERAL'!$B$15 -> MAGDALENA
A104: =+CONCATENATE('INF. GENERAL'!$A$4,'INF. GENERAL'!$B$4) -> OBJETO: ACTIVIDADES ADICIONALES A LA ADECUACIÓN DE LA CANCHA DE FÚTBOL (ID 2615), VEREDA COMUNIDAD CRISTALINA BAJA (ID 200), MUNICIPIO DE FUNDACION, MAGDALENA
A105: ANALISIS DE PRECIOS UNITARIOS | G105: Cantidad | H105: =+VLOOKUP(H107,PRESUPUESTO!$A$1:$F$973,6,FALSE) -> 138.7216
A106: CAPITULO | B106: =VLOOKUP(H107,PRESUPUESTO!$A$3:$F$973,3,FALSE) -> EXCAVACIONES, RELLENOS Y SISTEMA DE DRENAJE | E106: Unidad | F106: =+VLOOKUP(H107,PRESUPUESTO!$A$1:$F$973,5,FALSE) -> m3 | G106: Especific.
A107: DESCRIPCIÓN | B107: =+VLOOKUP(H107,PRESUPUESTO!$A$1:$F$973,4,FALSE) -> Excavacion zanjas de drenaje y de carcamo | G107: ITEM | H107: 2,01
A108: EQUIPOS
A109: Descripción | B109: Column1 | C109: Column2 | D109: Column3 | E109: Tarifa | F109: Rendimiento | G109: Valor Parcial
A110: Herramienta Menor | G110: =1.0953*1675.44 -> 1835.1094
...

Sheet LS
A1: ITEM | B1: DESCRIPCIÓN | C1: UNIDAD | D1: CANTIDAD | E1: VALOR UNITARIO | F1: VALOR TOTAL
A2: 3 | B2: Cal apagada | C2: Kilogramo | D2: =+ROUNDUP(SUMIFS('MEMORIA CANTIDADES'!E:E,'MEMORIA CANTIDADES'!B:B,Table28[[#This Row],[DESCRIPCIÓN ]],'MEMORIA CANTIDADES'!C:C,Table28[[#This Row],[UNIDAD]]),0) -> 6 | E2: =+VLOOKUP(Table28[[#This Row],[DESCRIPCIÓN ]],INSUMOS!A:D,3,FALSE) -> 2745.78 | F2: =+Table28[[#This Row],[CANTIDAD]]*Table28[[#This Row],[VALOR UNITARIO]] -> 16474.68
A3: 425 | B3: Abrazaderas metálicas galvanizadas para tubería de 1 1/2" | C3: Unidad | D3: =+ROUNDUP(SUMIFS('MEMORIA CANTIDADES'!E:E,'MEMORIA CANTIDADES'!B:B,Table28[[#This Row],[DESCRIPCIÓN ]],'MEMORIA CANTIDADES'!C:C,Table28[[#This Row],[UNIDAD]]),0) -> 0 | E3: =+VLOOKUP(Table28[[#This Row],[DESCRIPCIÓN ]],INSUMOS!A:D,3,FALSE) -> 375.62 | F3: =+Table28[[#This Row],[CANTIDAD]]*Table28[[#This Row],[VALOR UNITARIO]] -> 0
A4: 426 | B4: Abrazaderas metálicas galvanizadas para tubería de 1 1/4" | C4: Unidad | D4: =+ROUNDUP(SUMIFS('MEMORIA CANTIDADES'!E:E,'MEMORIA CANTIDADES'!B:B,Table28[[#This Row],[DESCRIPCIÓN ]],'MEMORIA CANTIDADES'!C:C,Table28[[#This Row],[UNIDAD]]),0) -> 0 | E4: =+VLOOKUP(Table28[[#This Row],[DESCRIPCIÓN ]],INSUMOS!A:D,3,FALSE) -> 433.19 | F4: =+Table28[[#This Row],[CANTIDAD]]*Table28[[#This Row],[VALOR UNITARIO]] -> 0
A5: 427 | B5: Abrazaderas metálicas galvanizadas para tubería de 1" | C5: Unidad | D5: =+ROUNDUP(SUMIFS('MEMORIA CANTIDADES'!E:E,'MEMORIA CANTIDADES'!B:B,Table28[[#This Row],[DESCRIPCIÓN ]],'MEMORIA CANTIDADES'!C:C,Table28[[#This Row],[UNIDAD]]),0) -> 0 | E5: =+VLOOKUP(Table28[[#This Row],[DESCRIPCIÓN ]],INSUMOS!A:D,3,FALSE) -> 493.21 | F5: =+Table28[[#This Row],[CANTIDAD]]*Table28[[#This Row],[VALOR UNITARIO]] -> 0
A6: 428 | B6: Abrazaderas metálicas galvanizadas para tubería de 1/2" | C6: Unidad | D6: =+ROUNDUP(SUMIFS('MEMORIA CANTIDADES'!E:E,'MEMORIA CANTIDADES'!B:B,Table28[[#This Row],[DESCRIPCIÓN ]],'MEMORIA CANTIDADES'!C:C,Table28[[#This Row],[UNIDAD]]),0) -> 0 | E6: =+VLOOKUP(Table28[[#This Row],[DESCRIPCIÓN ]],INSUMOS!A:D,3,FALSE) -> 441.14 | F6: =+Table28[[#This Row],[CANTIDAD]]*Table28[[#This Row],[VALOR UNITARIO]] -> 0
A7: 429 | B7: Abrazaderas metálicas galvanizadas para tubería de 2" | C7: Unidad | D7: =+ROUNDUP(SUMIFS('MEMORIA CANTIDADES'!E:E,'MEMORIA CANTIDADES'!B:B,Table28[[#This Row],[DESCRIPCIÓN ]],'MEMORIA CANTIDADES'!C:C,Table28[[#This Row],[UNIDAD]]),0) -> 0 | E7: =+VLOOKUP(Table28[[#This Row],[DESCRIPCIÓN ]],INSUMOS!A:D,3,FALSE) -> 4989.59 | F7: =+Table28[[#This Row],[CANTIDAD]]*Table28[[#This Row],[VALOR UNITARIO]] -> 0
A8: 430 | B8: Abrazaderas metálicas galvanizadas para tubería de 3/4" | C8: Unidad | D8: =+ROUNDUP(SUMIFS('MEMORIA CANTIDADES'!E:E,'MEMORIA CANTIDADES'!B:B,Table28[[#This Row],[DESCRIPCIÓN ]],'MEMORIA CANTIDADES'!C:C,Table28[[#This Row],[UNIDAD]]),0) -> 0 | E8: =+VLOOKUP(Table28[[#This Row],[DESCRIPCIÓN ]],INSUMOS!A:D,3,FALSE) -> 1047.23 | F8: =+Table28[[#This Row],[CANTIDAD]]*Table28[[#This Row],[VALOR UNITARIO]] -> 0
A9: 1263 | B9: Aceite de 2 tiempos | C9: GALON | D9: =+ROUNDUP(SUMIFS('MEMORIA CANTIDADES'!E:E,'MEMORIA CANTIDADES'!B:B,Table28[[#This Row],[DESCRIPCIÓN ]],'MEMORIA CANTIDADES'!C:C,Table28[[#This Row],[UNIDAD]]),0) -> 0 | E9: =+VLOOKUP(Table28[[#This Row],[DESCRIPCIÓN ]],INSUMOS!A:D,3,FALSE) -> 137101.27 | F9: =+Table28[[#This Row],[CANTIDAD]]*Table28[[#This Row],[VALOR UNITARIO]] -> 0
A10: 1264 | B10: Aceite de 4 tiempos | C10: GALON | D10: =+ROUNDUP(SUMIFS('MEMORIA CANTIDADES'!E:E,'MEMORIA CANTIDADES'!B:B,Table28[[#This Row],[DESCRIPCIÓN ]],'MEMORIA CANTIDADES'!C:C,Table28[[#This Row],[UNIDAD]]),0) -> 0 | E10: =+VLOOKUP(Table28[[#This Row],[DESCRIPCIÓN ]],INSUMOS!A:D,3,FALSE) -> 177995.36 | F10: =+Table28[[#This Row],[CANTIDAD]]*Table28[[#This Row],[VALOR UNITARIO]] -> 0
A11: 1266 | B11: Aceite quemado | C11: GALON | D11: =+ROUNDUP(SUMIFS('MEMORIA CANTIDADES'!E:E,'MEMORIA CANTIDADES'!B:B,Table28[[#This Row],[DESCRIPCIÓN ]],'MEMORIA CANTIDADES'!C:C,Table28[[#This Row],[UNIDAD]]),0) -> 0 | E11: =+VLOOKUP(Table28[[#This Row],[DESCRIPCIÓN ]],INSUMOS!A:D,3,FALSE) -> 66414.84 | F11: =+Table28[[#This Row],[CANTIDAD]]*Table28[[#This Row],[VALOR UNITARIO]] -> 0
A12: 20 | B12: Geotextil 1600S No Tejido Ancho 3.50 m | C12: Metro Lineal | D12: =+ROUNDUP(SUMIFS('MEMORIA CANTIDADES'!E:E,'MEMORIA CANTIDADES'!B:B,Table28[[#This Row],[DESCRIPCIÓN ]],'MEMORIA CANTIDADES'!C:C,Table28[[#This Row],[UNIDAD]]),0) -> 222 | E12: =+VLOOKUP(Table28[[#This Row],[DESCRIPCIÓN ]],INSUMOS!A:D,3,FALSE) -> 14658.95 | F12: =+Table28[[#This Row],[CANTIDAD]]*Table28[[#This Row],[VALOR UNITARIO]] -> 3254286.9
A13: 39 | B13: Acero de refuerzo. Varilla corrugada w60 x 6m. Diámetro de 1/4” | C13: Unidad | D13: =+ROUNDUP(SUMIFS('MEMORIA CANTIDADES'!E:E,'MEMORIA CANTIDADES'!B:B,Table28[[#This Row],[DESCRIPCIÓN ]],'MEMORIA CANTIDADES'!C:C,Table28[[#This Row],[UNIDAD]]),0) -> 0 | E13: =+VLOOKUP(Table28[[#This Row],[DESCRIPCIÓN ]],INSUMOS!A:D,3,FALSE) -> 9699.67 | F13: =+Table28[[#This Row],[CANTIDAD]]*Table28[[#This Row],[VALOR UNITARIO]] -> 0
... A103: 436 | B103: Alambre galvanizado No. 16 | C103: Kilogramo | D103: =+ROUNDUP(SUMIFS('MEMORIA CANTIDADES'!E:E,'MEMORIA CANTIDADES'!B:B,Table28[[#This Row],[DESCRIPCIÓN ]],'MEMORIA CANTIDADES'!C:C,Table28[[#This Row],[UNIDAD]]),0) -> 0 | E103: =+VLOOKUP(Table28[[#This Row],[DESCRIPCIÓN ]],INSUMOS!A:D,3,FALSE) -> 20220.48 | F103: =+Table28[[#This Row],[CANTIDAD]]*Table28[[#This Row],[VALOR UNITARIO]] -> 0
A104: 66 | B104: Arena de río | C104: Metro cubico | D104: 4 | E104: =+VLOOKUP(Table28[[#This Row],[DESCRIPCIÓN ]],INSUMOS!A:D,3,FALSE) -> 243964.03 | F104: =+Table28[[#This Row],[CANTIDAD]]*Table28[[#This Row],[VALOR UNITARIO]] -> 975856.12
A105: 438 | B105: Alambre negro No. 16 | C105: Kilogramo | D105: =+ROUNDUP(SUMIFS('MEMORIA CANTIDADES'!E:E,'MEMORIA CANTIDADES'!B:B,Table28[[#This Row],[DESCRIPCIÓN ]],'MEMORIA CANTIDADES'!C:C,Table28[[#This Row],[UNIDAD]]),0) -> 0 | E105: =+VLOOKUP(Table28[[#This Row],[DESCRIPCIÓN ]],INSUMOS!A:D,3,FALSE) -> 16003.66 | F105: =+Table28[[#This Row],[CANTIDAD]]*Table28[[#This Row],[VALOR UNITARIO]] -> 0
A106: 439 | B106: Alambre negro No. 18 | C106: Kilogramo | D106: =+ROUNDUP(SUMIFS('MEMORIA CANTIDADES'!E:E,'MEMORIA CANTIDADES'!B:B,Table28[[#This Row],[DESCRIPCIÓN ]],'MEMORIA CANTIDADES'!C:C,Table28[[#This Row],[UNIDAD]]),0) -> 0 | E106: =+VLOOKUP(Table28[[#This Row],[DESCRIPCIÓN ]],INSUMOS!A:D,3,FALSE) -> 18179.86 | F106: =+Table28[[#This Row],[CANTIDAD]]*Table28[[#This Row],[VALOR UNITARIO]] -> 0
A107: 228 | B107: Alambre THHN calibre 10 cualquier color | C107: Metro Lineal | D107: =+ROUNDUP(SUMIFS('MEMORIA CANTIDADES'!E:E,'MEMORIA CANTIDADES'!B:B,Table28[[#This Row],[DESCRIPCIÓN ]],'MEMORIA CANTIDADES'!C:C,Table28[[#This Row],[UNIDAD]]),0) -> 0 | E107: =+VLOOKUP(Table28[[#This Row],[DESCRIPCIÓN ]],INSUMOS!A:D,3,FALSE) -> 5318.09 | F107: =+Table28[[#This Row],[CANTIDAD]]*Table28[[#This Row],[VALOR UNITARIO]] -> 0
A108: 229 | B108: Alambre THHN calibre 12 cualquier color | C108: Metro Lineal | D108: =+ROUNDUP(SUMIFS('MEMORIA CANTIDADES'!E:E,'MEMORIA CANTIDADES'!B:B,Table28[[#This Row],[DESCRIPCIÓN ]],'MEMORIA CANTIDADES'!C:C,Table28[[#This Row],[UNIDAD]]),0) -> 0 | E108: =+VLOOKUP(Table28[[#This Row],[DESCRIPCIÓN ]],INSUMOS!A:D,3,FALSE) -> 3382.47 | F108: =+Table28[[#This Row],[CANTIDAD]]*Table28[[#This Row],[VALOR UNITARIO]] -> 0
A109: 230 | B109: Alambre THHN calibre 14 cualquier color | C109: Metro Lineal | D109: =+ROUNDUP(SUMIFS('MEMORIA CANTIDADES'!E:E,'MEMORIA CANTIDADES'!B:B,Table28[[#This Row],[DESCRIPCIÓN ]],'MEMORIA CANTIDADES'!C:C,Table28[[#This Row],[UNIDAD]]),0) -> 0 | E109: =+VLOOKUP(Table28[[#This Row],[DESCRIPCIÓN ]],INSUMOS!A:D,3,FALSE) -> 1736.16 | F109: =+Table28[[#This Row],[CANTIDAD]]*Table28[[#This Row],[VALOR UNITARIO]] -> 0
A110: 231 | B110: Alambre THHN calibre 8 cualquier color | C110: Metro Lineal | D110: =+ROUNDUP(SUMIFS('MEMORIA CANTIDADES'!E:E,'MEMORIA CANTIDADES'!B:B,Table28[[#This Row],[DESCRIPCIÓN ]],'MEMORIA CANTIDADES'!C:C,Table28[[#This Row],[UNIDAD]]),0) -> 0 | E110: =+VLOOKUP(Table28[[#This Row],[DESCRIPCIÓN ]],INSUMOS!A:D,3,FALSE) -> 8508.73 | F110: =+Table28[[#This Row],[CANTIDAD]]*Table28[[#This Row],[VALOR UNITARIO]] -> 0
A111: 424 | B111: Amarre plástico transparente o negro de 15 a 25 cms x 100 unidades | C111: Paquete | D111: =+ROUNDUP(SUMIFS('MEMORIA CANTIDADES'!E:E,'MEMORIA CANTIDADES'!B:B,Table28[[#This Row],[DESCRIPCIÓN ]],'MEMORIA CANTIDADES'!C:C,Table28[[#This Row],[UNIDAD]]),0) -> 0 | E111: =+VLOOKUP(Table28[[#This Row],[DESCRIPCIÓN ]],INSUMOS!A:D,3,FALSE) -> 19576.11 | F111: =+Table28[[#This Row],[CANTIDAD]]*Table28[[#This Row],[VALOR UNITARIO]] -> 0
A112: 155 | B112: Amarres para teja de zinc o metálica | C112: Unidad | D112: =+ROUNDUP(SUMIFS('MEMORIA CANTIDADES'!E:E,'MEMORIA CANTIDADES'!B:B,Table28[[#This Row],[DESCRIPCIÓN ]],'MEMORIA CANTIDADES'!C:C,Table28[[#This Row],[UNIDAD]]),0) -> 0 | E112: =+VLOOKUP(Table28[[#This Row],[DESCRIPCIÓN ]],INSUMOS!A:D,3,FALSE) -> 514.51 | F112: =+Table28[[#This Row],[CANTIDAD]]*Table28[[#This Row],[VALOR UNITARIO]] -> 0
A113: 742 | B113: Angulo 29 mm x 2,4 m para perfilería drywall cielo raso | C113: Unidad | D113: =+ROUNDUP(SUMIFS('MEMORIA CANTIDADES'!E:E,'MEMORIA CANTIDADES'!B:B,Table28[[#This Row],[DESCRIPCIÓN ]],'MEMORIA CANTIDADES'!C:C,Table28[[#This Row],[UNIDAD]]),0) -> 0 | E113: =+VLOOKUP(Table28[[#This Row],[DESCRIPCIÓN ]],INSUMOS!A:D,3,FALSE) -> 8113.37 | F113: =+Table28[[#This Row],[CANTIDAD]]*Table28[[#This Row],[VALOR UNITARIO]] -> 0
A114: 743 | B114: Angulo 30 mm x 20 mm x 2,4 m para perfilería drywall cielo raso | C114: Unidad | D114: =+ROUNDUP(SUMIFS('MEMORIA CANTIDADES'!E:E,'MEMORIA CANTIDADES'!B:B,Table28[[#This Row],[DESCRIPCIÓN ]],'MEMORIA CANTIDADES'!C:C,Table28[[#This Row],[UNIDAD]]),0) -> 0 | E114: =+VLOOKUP(Table28[[#This Row],[DESCRIPCIÓN ]],INSUMOS!A:D,3,FALSE) -> #N/A | F114: =+Table28[[#This Row],[CANTIDAD]]*Table28[[#This Row],[VALOR UNITARIO]] -> #N/A
A115: 744 | B115: Angulo champaña 0,66 x 0,39 x 3 m para cielo raso en aluminio | C115: Unidad | D115: =+ROUNDUP(SUMIFS('MEMORIA CANTIDADES'!E:E,'MEMORIA CANTIDADES'!B:B,Table28[[#This Row],[DESCRIPCIÓN ]],'MEMORIA CANTIDADES'!C:C,Table28[[#This Row],[UNIDAD]]),0) -> 0 | E115: =+VLOOKUP(Table28[[#This Row],[DESCRIPCIÓN ]],INSUMOS!A:D,3,FALSE) -> 22613.83 | F115: =+Table28[[#This Row],[CANTIDAD]]*Table28[[#This Row],[VALOR UNITARIO]] -> 0
A116: 745 | B116: Angulo crudo 0,66 x 0,39 x 3 m para cielo raso en aluminio | C116: Unidad | D116: =+ROUNDUP(SUMIFS('MEMORIA CANTIDADES'!E:E,'MEMORIA CANTIDADES'!B:B,Table28[[#This Row],[DESCRIPCIÓN ]],'MEMORIA CANTIDADES'!C:C,Table28[[#This Row],[UNIDAD]]),0) -> 0 | E116: =+VLOOKUP(Table28[[#This Row],[DESCRIPCIÓN ]],INSUMOS!A:D,3,FALSE) -> 18604.29 | F116: =+Table28[[#This Row],[CANTIDAD]]*Table28[[#This Row],[VALOR UNITARIO]] -> 0
... A652: 402 | B652: Listón de madera fina zapán 2" x 4" | C652: Metro Lineal | D652: =+ROUNDUP(SUMIFS('MEMORIA CANTIDADES'!E:E,'MEMORIA CANTIDADES'!B:B,Table28[[#This Row],[DESCRIPCIÓN ]],'MEMORIA CANTIDADES'!C:C,Table28[[#This Row],[UNIDAD]]),0) -> 0 | E652: =+VLOOKUP(Table28[[#This Row],[DESCRIPCIÓN ]],INSUMOS!A:D,3,FALSE) -> 13965.64 | F652: =+Table28[[#This Row],[CANTIDAD]]*Table28[[#This Row],[VALOR UNITARIO]] -> 0
A653: 471 | B653: Cemento gris bulto x 50 kilogramos | C653: Bulto | D653: 60 | E653: =+VLOOKUP(Table28[[#This Row],[DESCRIPCIÓN ]],INSUMOS!A:D,3,FALSE) -> 50453.95 | F653: =+Table28[[#This Row],[CANTIDAD]]*Table28[[#This Row],[VALOR UNITARIO]] -> 3027237
A654: 404 | B654: Listón de madera Otobo 1"x 4" | C654: Metro Lineal | D654: =+ROUNDUP(SUMIFS('MEMORIA CANTIDADES'!E:E,'MEMORIA CANTIDADES'!B:B,Table28[[#This Row],[DESCRIPCIÓN ]],'MEMORIA CANTIDADES'!C:C,Table28[[#This Row],[UNIDAD]]),0) -> 0 | E654: =+VLOOKUP(Table28[[#This Row],[DESCRIPCIÓN ]],INSUMOS!A:D,3,FALSE) -> 14044.9 | F654: =+Table28[[#This Row],[CANTIDAD]]*Table28[[#This Row],[VALOR UNITARIO]] -> 0
A655: 405 | B655: Listón de madera Otobo 2"x 2" | C655: Metro Lineal | D655: =+ROUNDUP(SUMIFS('MEMORIA CANTIDADES'!E:E,'MEMORIA CANTIDADES'!B:B,Table28[[#This Row],[DESCRIPCIÓN ]],'MEMORIA CANTIDADES'!C:C,Table28[[#This Row],[UNIDAD]]),0) -> 0 | E655: =+VLOOKUP(Table28[[#This Row],[DESCRIPCIÓN ]],INSUMOS!A:D,3,FALSE) -> 10183.77 | F655: =+Table28[[#This Row],[CANTIDAD]]*Table28[[#This Row],[VALOR UNITARIO]] -> 0
A656: 740 | B656: Llave cocina extensión cromada | C656: Unidad | D656: =+ROUNDUP(SUMIFS('MEMORIA CANTIDADES'!E:E,'MEMORIA CANTIDADES'!B:B,Table28[[#This Row],[DESCRIPCIÓN ]],'MEMORIA CANTIDADES'!C:C,Table28[[#This Row],[UNIDAD]]),0) -> 0 | E656: =+VLOOKUP(Table28[[#This Row],[DESCRIPCIÓN ]],INSUMOS!A:D,3,FALSE) -> 101605.61 | F656: =+Table28[[#This Row],[CANTIDAD]]*Table28[[#This Row],[VALOR UNITARIO]] -> 0
A657: 573 | B657: Llave de Paso Metálica de 1" | C657: Unidad | D657: =+ROUNDUP(SUMIFS('MEMORIA CANTIDADES'!E:E,'MEMORIA CANTIDADES'!B:B,Table28[[#This Row],[DESCRIPCIÓN ]],'MEMORIA CANTIDADES'!C:C,Table28[[#This Row],[UNIDAD]]),0) -> 0 | E657: =+VLOOKUP(Table28[[#This Row],[DESCRIPCIÓN ]],INSUMOS!A:D,3,FALSE) -> 43907.66 | F657: =+Table28[[#This Row],[CANTIDAD]]*Table28[[#This Row],[VALOR UNITARIO]] -> 0
A658: 574 | B658: Llave de Paso Metálica de 1/2" | C658: Unidad | D658: =+ROUNDUP(SUMIFS('MEMORIA CANTIDADES'!E:E,'MEMORIA CANTIDADES'!B:B,Table28[[#This Row],[DESCRIPCIÓN ]],'MEMORIA CANTIDADES'!C:C,Table28[[#This Row],[UNIDAD]]),0) -> 0 | E658: =+VLOOKUP(Table28[[#This Row],[DESCRIPCIÓN ]],INSUMOS!A:D,3,FALSE) -> 28924.01 | F658: =+Table28[[#This Row],[CANTIDAD]]*Table28[[#This Row],[VALOR UNITARIO]] -> 0
A659: 572 | B659: Llave de Paso Metálica de 3/4" | C659: Unidad | D659: =+ROUNDUP(SUMIFS('MEMORIA CANTIDADES'!E:E,'MEMORIA CANTIDADES'!B:B,Table28[[#This Row],[DESCRIPCIÓN ]],'MEMORIA CANTIDADES'!C:C,Table28[[#This Row],[UNIDAD]]),0) -> 0 | E659: =+VLOOKUP(Table28[[#This Row],[DESCRIPCIÓN ]],INSUMOS!A:D,3,FALSE) -> 33347.99 | F659: =+Table28[[#This Row],[CANTIDAD]]*Table28[[#This Row],[VALOR UNITARIO]] -> 0
A660: 735 | B660: Llave terminal cobre de 1/2" | C660: Unidad | D660: =+ROUNDUP(SUMIFS('MEMORIA CANTIDADES'!E:E,'MEMORIA CANTIDADES'!B:B,Table28[[#This Row],[DESCRIPCIÓN ]],'MEMORIA CANTIDADES'!C:C,Table28[[#This Row],[UNIDAD]]),0) -> 0 | E660: =+VLOOKUP(Table28[[#This Row],[DESCRIPCIÓN ]],INSUMOS!A:D,3,FALSE) -> 70894.43 | F660: =+Table28[[#This Row],[CANTIDAD]]*Table28[[#This Row],[VALOR UNITARIO]] -> 0
A661: 736 | B661: Llave terminal con rosca para manguera de 1/2" | C661: Unidad | D661: =+ROUNDUP(SUMIFS('MEMORIA CANTIDADES'!E:E,'MEMORIA CANTIDADES'!B:B,Table28[[#This Row],[DESCRIPCIÓN ]],'MEMORIA CANTIDADES'!C:C,Table28[[#This Row],[UNIDAD]]),0) -> 0 | E661: =+VLOOKUP(Table28[[#This Row],[DESCRIPCIÓN ]],INSUMOS!A:D,3,FALSE) -> 53435.98 | F661: =+Table28[[#This Row],[CANTIDAD]]*Table28[[#This Row],[VALOR UNITARIO]] -> 0
A662: 737 | B662: Llave terminal cromada de 1/2" | C662: Unidad | D662: =+ROUNDUP(SUMIFS('MEMORIA CANTIDADES'!E:E,'MEMORIA CANTIDADES'!B:B,Table28[[#This Row],[DESCRIPCIÓN ]],'MEMORIA CANTIDADES'!C:C,Table28[[#This Row],[UNIDAD]]),0) -> 0 | E662: =+VLOOKUP(Table28[[#This Row],[DESCRIPCIÓN ]],INSUMOS!A:D,3,FALSE) -> 72656.73 | F662: =+Table28[[#This Row],[CANTIDAD]]*Table28[[#This Row],[VALOR UNITARIO]] -> 0
A663: 738 | B663: Llave terminal plástica de 1/2" | C663: Unidad | D663: =+ROUNDUP(SUMIFS('MEMORIA CANTIDADES'!E:E,'MEMORIA CANTIDADES'!B:B,Table28[[#This Row],[DESCRIPCIÓN ]],'MEMORIA CANTIDADES'!C:C,Table28[[#This Row],[UNIDAD]]),0) -> 0 | E663: =+VLOOKUP(Table28[[#This Row],[DESCRIPCIÓN ]],INSUMOS!A:D,3,FALSE) -> 14487.89 | F663: =+Table28[[#This Row],[CANTIDAD]]*Table28[[#This Row],[VALOR UNITARIO]] -> 0
A664: 1224 | B664: Loseta alerta 8 taches gris o de color 40x40x6 cm tráfico peatonal | C664: Unidad | D664: =+ROUNDUP(SUMIFS('MEMORIA CANTIDADES'!E:E,'MEMORIA CANTIDADES'!B:B,Table28[[#This Row],[DESCRIPCIÓN ]],'MEMORIA CANTIDADES'!C:C,Table28[[#This Row],[UNIDAD]]),0) -> 0 | E664: =+VLOOKUP(Table28[[#This Row],[DESCRIPCIÓN ]],INSUMOS!A:D,3,FALSE) -> #N/A | F664: =+Table28[[#This Row],[CANTIDAD]]*Table28[[#This Row],[VALOR UNITARIO]] -> #N/A
A665: 1223 | B665: Loseta alerta gris o de color 40x40x6 cm tráfico peatonal | C665: Unidad | D665: =+ROUNDUP(SUMIFS('MEMORIA CANTIDADES'!E:E,'MEMORIA CANTIDADES'!B:B,Table28[[#This Row],[DESCRIPCIÓN ]],'MEMORIA CANTIDADES'!C:C,Table28[[#This Row],[UNIDAD]]),0) -> 0 | E665: =+VLOOKUP(Table28[[#This Row],[DESCRIPCIÓN ]],INSUMOS!A:D,3,FALSE) -> #N/A | F665: =+Table28[[#This Row],[CANTIDAD]]*Table28[[#This Row],[VALOR UNITARIO]] -> #N/A
... A1091: 1253 | B1091: Tuberia PVC Alcantarillado - Novafort 8" x 6m | C1091: Unidad | D1091: =+ROUNDUP(SUMIFS('MEMORIA CANTIDADES'!E:E,'MEMORIA CANTIDADES'!B:B,Table28[[#This Row],[DESCRIPCIÓN ]],'MEMORIA CANTIDADES'!C:C,Table28[[#This Row],[UNIDAD]]),0) -> 17 | E1091: =+VLOOKUP(Table28[[#This Row],[DESCRIPCIÓN ]],INSUMOS!A:D,3,FALSE) -> 380642.01 | F1091: =+Table28[[#This Row],[CANTIDAD]]*Table28[[#This Row],[VALOR UNITARIO]] -> 6470914.2
A1092: 1254 | B1092: Silla Yee Novafort 4" | C1092: Unidad | D1092: =+ROUNDUP(SUMIFS('MEMORIA CANTIDADES'!E:E,'MEMORIA CANTIDADES'!B:B,Table28[[#This Row],[DESCRIPCIÓN ]],'MEMORIA CANTIDADES'!C:C,Table28[[#This Row],[UNIDAD]]),0) -> 0
A1093: 1262 | B1093: A.C.P.M. | C1093: GALON | D1093: =+ROUNDUP(SUMIFS('MEMORIA CANTIDADES'!E:E,'MEMORIA CANTIDADES'!B:B,Table28[[#This Row],[DESCRIPCIÓN ]],'MEMORIA CANTIDADES'!C:C,Table28[[#This Row],[UNIDAD]]),0) -> 47 | E1093: =+VLOOKUP(Table28[[#This Row],[DESCRIPCIÓN ]],INSUMOS!A:D,3,FALSE) -> 23939.74 | F1093: =+Table28[[#This Row],[CANTIDAD]]*Table28[[#This Row],[VALOR UNITARIO]] -> 1125167.8
A1094: 1108 | B1094: Tubo agua caliente PVC. Diámetro 1" x 6m | C1094: Unidad | D1094: =+ROUNDUP(SUMIFS('MEMORIA CANTIDADES'!E:E,'MEMORIA CANTIDADES'!B:B,Table28[[#This Row],[DESCRIPCIÓN ]],'MEMORIA CANTIDADES'!C:C,Table28[[#This Row],[UNIDAD]]),0) -> 0 | E1094: =+VLOOKUP(Table28[[#This Row],[DESCRIPCIÓN ]],INSUMOS!A:D,3,FALSE) -> 142781.3 | F1094: =+Table28[[#This Row],[CANTIDAD]]*Table28[[#This Row],[VALOR UNITARIO]] -> 0
A1095: 1109 | B1095: Tubo agua caliente PVC. Diámetro 1/2" x 6m | C1095: Unidad | D1095: =+ROUNDUP(SUMIFS('MEMORIA CANTIDADES'!E:E,'MEMORIA CANTIDADES'!B:B,Table28[[#This Row],[DESCRIPCIÓN ]],'MEMORIA CANTIDADES'!C:C,Table28[[#This Row],[UNIDAD]]),0) -> 0 | E1095: =+VLOOKUP(Table28[[#This Row],[DESCRIPCIÓN ]],INSUMOS!A:D,3,FALSE) -> 56546.69 | F1095: =+Table28[[#This Row],[CANTIDAD]]*Table28[[#This Row],[VALOR UNITARIO]] -> 0
A1096: 1110 | B1096: Tubo agua caliente PVC. Diámetro 3/4"x 6m | C1096: Unidad | D1096: =+ROUNDUP(SUMIFS('MEMORIA CANTIDADES'!E:E,'MEMORIA CANTIDADES'!B:B,Table28[[#This Row],[DESCRIPCIÓN ]],'MEMORIA CANTIDADES'!C:C,Table28[[#This Row],[UNIDAD]]),0) -> 0 | E1096: =+VLOOKUP(Table28[[#This Row],[DESCRIPCIÓN ]],INSUMOS!A:D,3,FALSE) -> 92828.7 | F1096: =+Table28[[#This Row],[CANTIDAD]]*Table28[[#This Row],[VALOR UNITARIO]] -> 0
A1097: 351 | B1097: Tubo Conduit PVC. Diámetro 1 1/4" x 3m | C1097: Unidad | D1097: =+ROUNDUP(SUMIFS('MEMORIA CANTIDADES'!E:E,'MEMORIA CANTIDADES'!B:B,Table28[[#This Row],[DESCRIPCIÓN ]],'MEMORIA CANTIDADES'!C:C,Table28[[#This Row],[UNIDAD]]),0) -> 0 | E1097: =+VLOOKUP(Table28[[#This Row],[DESCRIPCIÓN ]],INSUMOS!A:D,3,FALSE) -> 28023.9 | F1097: =+Table28[[#This Row],[CANTIDAD]]*Table28[[#This Row],[VALOR UNITARIO]] -> 0
A1098: 352 | B1098: Tubo Conduit PVC. Diámetro 1" x 3m | C1098: Unidad | D1098: =+ROUNDUP(SUMIFS('MEMORIA CANTIDADES'!E:E,'MEMORIA CANTIDADES'!B:B,Table28[[#This Row],[DESCRIPCIÓN ]],'MEMORIA CANTIDADES'!C:C,Table28[[#This Row],[UNIDAD]]),0) -> 0 | E1098: =+VLOOKUP(Table28[[#This Row],[DESCRIPCIÓN ]],INSUMOS!A:D,3,FALSE) -> 18434.65 | F1098: =+Table28[[#This Row],[CANTIDAD]]*Table28[[#This Row],[VALOR UNITARIO]] -> 0
A1099: 353 | B1099: Tubo Conduit PVC. Diámetro 1/2" x 3m | C1099: Unidad | D1099: =+ROUNDUP(SUMIFS('MEMORIA CANTIDADES'!E:E,'MEMORIA CANTIDADES'!B:B,Table28[[#This Row],[DESCRIPCIÓN ]],'MEMORIA CANTIDADES'!C:C,Table28[[#This Row],[UNIDAD]]),0) -> 0 | E1099: =+VLOOKUP(Table28[[#This Row],[DESCRIPCIÓN ]],INSUMOS!A:D,3,FALSE) -> 10166.01 | F1099: =+Table28[[#This Row],[CANTIDAD]]*Table28[[#This Row],[VALOR UNITARIO]] -> 0
A1100: 354 | B1100: Tubo Conduit PVC. Diámetro 2" x 3m | C1100: Unidad | D1100: =+ROUNDUP(SUMIFS('MEMORIA CANTIDADES'!E:E,'MEMORIA CANTIDADES'!B:B,Table28[[#This Row],[DESCRIPCIÓN ]],'MEMORIA CANTIDADES'!C:C,Table28[[#This Row],[UNIDAD]]),0) -> 0 | E1100: =+VLOOKUP(Table28[[#This Row],[DESCRIPCIÓN ]],INSUMOS!A:D,3,FALSE) -> 59816.3 | F1100: =+Table28[[#This Row],[CANTIDAD]]*Table28[[#This Row],[VALOR UNITARIO]] -> 0
A1101: 355 | B1101: Tubo Conduit PVC. Diámetro 3/4" x 3m | C1101: Unidad | D1101: =+ROUNDUP(SUMIFS('MEMORIA CANTIDADES'!E:E,'MEMORIA CANTIDADES'!B:B,Table28[[#This Row],[DESCRIPCIÓN ]],'MEMORIA CANTIDADES'!C:C,Table28[[#This Row],[UNIDAD]]),0) -> 0 | E1101: =+VLOOKUP(Table28[[#This Row],[DESCRIPCIÓN ]],INSUMOS!A:D,3,FALSE) -> 12154.19 | F1101: =+Table28[[#This Row],[CANTIDAD]]*Table28[[#This Row],[VALOR UNITARIO]] -> 0
A1102: 882 | B1102: Tubo cuadrado espesor 1,2mm 1 1/2" x 1 1/2" x 6m | C1102: Unidad | D1102: =+ROUNDUP(SUMIFS('MEMORIA CANTIDADES'!E:E,'MEMORIA CANTIDADES'!B:B,Table28[[#This Row],[DESCRIPCIÓN ]],'MEMORIA CANTIDADES'!C:C,Table28[[#This Row],[UNIDAD]]),0) -> 0 | E1102: =+VLOOKUP(Table28[[#This Row],[DESCRIPCIÓN ]],INSUMOS!A:D,3,FALSE) -> 46590.05 | F1102: =+Table28[[#This Row],[CANTIDAD]]*Table28[[#This Row],[VALOR UNITARIO]] -> 0
A1103: 883 | B1103: Tubo cuadrado espesor 1,2mm 1" x 1" x 6m | C1103: Unidad | D1103: =+ROUNDUP(SUMIFS('MEMORIA CANTIDADES'!E:E,'MEMORIA CANTIDADES'!B:B,Table28[[#This Row],[DESCRIPCIÓN ]],'MEMORIA CANTIDADES'!C:C,Table28[[#This Row],[UNIDAD]]),0) -> 0 | E1103: =+VLOOKUP(Table28[[#This Row],[DESCRIPCIÓN ]],INSUMOS!A:D,3,FALSE) -> 44127.28 | F1103: =+Table28[[#This Row],[CANTIDAD]]*Table28[[#This Row],[VALOR UNITARIO]] -> 0
A1104: 884 | B1104: Tubo cuadrado espesor 1,2mm 3/4" x 3/4" x 6m | C1104: Unidad | D1104: =+ROUNDUP(SUMIFS('MEMORIA CANTIDADES'!E:E,'MEMORIA CANTIDADES'!B:B,Table28[[#This Row],[DESCRIPCIÓN ]],'MEMORIA CANTIDADES'!C:C,Table28[[#This Row],[UNIDAD]]),0) -> 0 | E1104: =+VLOOKUP(Table28[[#This Row],[DESCRIPCIÓN ]],INSUMOS!A:D,3,FALSE) -> 31557.08 | F1104: =+Table28[[#This Row],[CANTIDAD]]*Table28[[#This Row],[VALOR UNITARIO]] -> 0
... A1267: 848 | B1267: Yeso blanco | C1267: Kilogramo | D1267: =+ROUNDUP(SUMIFS('MEMORIA CANTIDADES'!E:E,'MEMORIA CANTIDADES'!B:B,Table28[[#This Row],[DESCRIPCIÓN ]],'MEMORIA CANTIDADES'!C:C,Table28[[#This Row],[UNIDAD]]),0) -> 0 | E1267: =+VLOOKUP(Table28[[#This Row],[DESCRIPCIÓN ]],INSUMOS!A:D,3,FALSE) -> 14814.82 | F1267: =+Table28[[#This Row],[CANTIDAD]]*Table28[[#This Row],[VALOR UNITARIO]] -> 0
A1268: 306 | B1268: Poste para redes electricas, de alumbrado o telefonicas pretensado vibrado en concreto de 10 metros | C1268: Unidad | D1268: 4 | E1268: 1269058.6 | F1268: =D1268*E1268 -> 5076234.6
A1269: Total | B1269: =SUBTOTAL(103,Table28[[DESCRIPCIÓN ]]) -> 33 | F1269: =SUBTOTAL(109,Table28[VALOR TOTAL]) -> 2.6492776e+08

Sheet CopyAPU
A1: =+'INF. GENERAL'!$B$13 -> REPUBLICA DE COLOMBIA
A2: =+'INF. GENERAL'!$B$14 -> FUNDACIÓN
A3: =+'INF. GENERAL'!$B$15 -> MAGDALENA
A4: =+CONCATENATE('INF. GENERAL'!$A$4,'INF. GENERAL'!$B$4) -> OBJETO: ACTIVIDADES ADICIONALES A LA ADECUACIÓN DE LA CANCHA DE FÚTBOL (ID 2615), VEREDA COMUNIDAD CRISTALINA BAJA (ID 200), MUNICIPIO DE FUNDACION, MAGDALENA
A5: ANALISIS DE PRECIOS UNITARIOS | G5: Cantidad | H5: =+VLOOKUP(H7,PRESUPUESTO!$A$1:$F$973,6,FALSE) -> 2
A6: CAPITULO | B6: =VLOOKUP(H7,PRESUPUESTO!$A$3:$F$973,3,FALSE) -> EXCAVACIONES, RELLENOS Y SISTEMA DE DRENAJE | E6: Unidad | F6: =+VLOOKUP(H7,PRESUPUESTO!$A$1:$F$973,5,FALSE) -> und | G6: Especific.
A7: DESCRIPCIÓN | B7: =+VLOOKUP(H7,PRESUPUESTO!$A$1:$F$973,4,FALSE) -> Manhole | G7: ITEM | H7: 2,05
A8: EQUIPOS
A9: Descripción | B9: Column1 | C9: Column2 | D9: Column3 | E9: Tarifa | F9: Rendimiento | G9: Valor Parcial
A12: Herramienta menor (5%) | F12: 0.05 | G12: =+F12*H38 -> 89.8276
A14: SUBTOTAL EQUIPOS | H14: =SUM(G10:G13) -> 89.8276 | J14: =+H7 -> 2,05 | K14: =+H14 -> 89.8276
A15: MATERIALES
A16: Descripcion | B16: Columna1 | C16: Columna2 | D16: Unid. | E16: Precio Unit. | F16: Cantidad | G16: Vr. Unitario
A17: Puntilla con cabeza de 2" caja x 500 gr | D17: =IFERROR(VLOOKUP(MATERIALES_035[[#This Row],[Descripcion]],INSUM_[#All],2,FALSE),"") -> Unidad | E17: =IFERROR(VLOOKUP(MATERIALES_035[[#This Row],[Descripcion]],INSUM_[#All],3,FALSE),"") -> 10330.58 | F17: 0.002 | G17: =+IFERROR(E17*F17,"") -> 20.66116 | J17: =+_xlfn.CONCAT("M",J14,K17) -> M2,051 | K17: 1 | L17: =+IFERROR(G17*H5,"") -> 41.32232 | M17: =+A17 -> Puntilla con cabeza de 2" caja x 500 gr | N17: =+F17 -> 0.002
A18: Estacas en madera entre 0,5 y 1,0 metro | D18: =IFERROR(VLOOKUP(MATERIALES_035[[#This Row],[Descripcion]],INSUM_[#All],2,FALSE),"") -> Unidad | E18: =IFERROR(VLOOKUP(MATERIALES_035[[#This Row],[Descripcion]],INSUM_[#All],3,FALSE),"") -> 12315.93 | F18: 0.02 | G18: =+IFERROR(E18*F18,"") -> 246.3186 | J18: =+_xlfn.CONCAT("M",J14,K18) -> M2,052 | K18: 2 | L18: =+IFERROR(G18*H5,"") -> 492.6372 | M18: =+A18 -> Estacas en madera entre 0,5 y 1,0 metro | N18: =+F18 -> 0.02
A19: Listón de madera ordinaria 2" x 4" | D19: =IFERROR(VLOOKUP(MATERIALES_035[[#This Row],[Descripcion]],INSUM_[#All],2,FALSE),"") -> Metro Lineal | E19: =IFERROR(VLOOKUP(MATERIALES_035[[#This Row],[Descripcion]],INSUM_[#All],3,FALSE),"") -> 26352.99 | F19: 0.005 | G19: =+IFERROR(E19*F19,"") -> 131.76495 | J19: =+_xlfn.CONCAT("M",J14,K19) -> M2,053 | K19: 3 | L19: =+IFERROR(G19*H5,"") -> 263.5299 | M19: =+A19 -> Listón de madera ordinaria 2" x 4" | N19: =+F19 -> 0.005
A20: Hilo Nylon carrete x 100 metros | D20: =IFERROR(VLOOKUP(MATERIALES_035[[#This Row],[Descripcion]],INSUM_[#All],2,FALSE),"") -> Rollo | E20: =IFERROR(VLOOKUP(MATERIALES_035[[#This Row],[Descripcion]],INSUM_[#All],3,FALSE),"") -> 45829.21 | F20: 0.002 | G20: =+IFERROR(E20*F20,"") -> 91.65842 | J20: =+_xlfn.CONCAT("M",J14,K20) -> M2,054 | K20: 4 | L20: =+IFERROR(G20*H5,"") -> 183.31684 | M20: =+A20 -> Hilo Nylon carrete x 100 metros | N20: =+F20 -> 0.002
A21: Cal apagada | D21: =IFERROR(VLOOKUP(MATERIALES_035[[#This Row],[Descripcion]],INSUM_[#All],2,FALSE),"") -> Kilogramo | E21: =IFERROR(VLOOKUP(MATERIALES_035[[#This Row],[Descripcion]],INSUM_[#All],3,FALSE),"") -> 2745.78 | F21: 0.02 | G21: =+IFERROR(E21*F21,"") -> 54.9156 | J21: =+_xlfn.CONCAT("M",J14,K21) -> M2,055 | K21: 5 | L21: =+IFERROR(G21*H5,"") -> 109.8312 | M21: =+A21 -> Cal apagada | N21: =+F21 -> 0.02
D22: =IFERROR(VLOOKUP(MATERIALES_035[[#This Row],[Descripcion]],INSUM_[#All],2,FALSE),"") | E22: =IFERROR(VLOOKUP(MATERIALES_035[[#This Row],[Descripcion]],INSUM_[#All],3,FALSE),"") | G22: =+IFERROR(E22*F22,"") | J22: =+_xlfn.CONCAT("M",J14,K22) -> M2,056 | K22: 6 | L22: =+IFERROR(G22*H5,"") | M22: =+A22 -> 0 | N22: =+F22 -> 0
D23: =IFERROR(VLOOKUP(MATERIALES_035[[#This Row],[Descripcion]],INSUM_[#All],2,FALSE),"") | E23: =IFERROR(VLOOKUP(MATERIALES_035[[#This Row],[Descripcion]],INSUM_[#All],3,FALSE),"") | G23: =+IFERROR(E23*F23,"") | J23: =+_xlfn.CONCAT("M",J14,K23) -> M2,057 | K23: 7 | L23: =+IFERROR(G23*H5,"") | M23: =+A23 -> 0 | N23: =+F23 -> 0
D24: =IFERROR(VLOOKUP(MATERIALES_035[[#This Row],[Descripcion]],INSUM_[#All],2,FALSE),"") | E24: =IFERROR(VLOOKUP(MATERIALES_035[[#This Row],[Descripcion]],INSUM_[#All],3,FALSE),"") | G24: =+IFERROR(E24*F24,"") | J24: =+_xlfn.CONCAT("M",J14,K24) -> M2,058 | K24: 8 | L24: =+IFERROR(G24*H5,"") | M24: =+A24 -> 0 | N24: =+F24 -> 0
D25: =IFERROR(VLOOKUP(MATERIALES_035[[#This Row],[Descripcion]],INSUM_[#All],2,FALSE),"") | E25: =IFERROR(VLOOKUP(MATERIALES_035[[#This Row],[Descripcion]],INSUM_[#All],3,FALSE),"") | G25: =+IFERROR(E25*F25,"") | J25: =+_xlfn.CONCAT("M",J14,K25) -> M2,059 | K25: 9 | L25: =+IFERROR(G25*H5,"") | M25: =+A25 -> 0 | N25: =+F25 -> 0
D26: =IFERROR(VLOOKUP(MATERIALES_035[[#This Row],[Descripcion]],INSUM_[#All],2,FALSE),"") | E26: =IFERROR(VLOOKUP(MATERIALES_035[[#This Row],[Descripcion]],INSUM_[#All],3,FALSE),"") | G26: =+IFERROR(E26*F26,"") | J26: =+_xlfn.CONCAT("M",J14,K26) -> M2,0510 | K26: 10 | L26: =+IFERROR(G26*H5,"") | M26: =+A26 -> 0 | N26: =+F26 -> 0
D27: =IFERROR(VLOOKUP(MATERIALES_035[[#This Row],[Descripcion]],INSUM_[#All],2,FALSE),"") | E27: =IFERROR(VLOOKUP(MATERIALES_035[[#This Row],[Descripcion]],INSUM_[#All],3,FALSE),"") | G27: =+IFERROR(E27*F27,"") | J27: =+_xlfn.CONCAT("M",J14,K27) -> M2,0511 | K27: 11 | L27: =+IFERROR(G27*H5,"") | M27: =+A27 -> 0 | N27: =+F27 -> 0
A28: SUBTOTAL MATERIALES | H28: =SUM(G17:G27) -> 545.31873 | K28: =+H7 -> 2,05 | L28: =SUM(L17:L27) -> 1090.6375 | M28: =+H28 -> 545.31873
A29: TRANSPORTE
A30: Descripción | B30: Columna1 | C30: Distancia Km. | D30: Vol o Peso | E30: Tarifa | F30: Cantidad | G30: Vr. Unitario
G32: =E32*F32*D32 -> 0
A33: SUBTOTAL TRANSPORTE | H33: =G31+G32 -> 0 | L33: =+H7 -> 2,05 | M33: =+H33 -> 0
A34: MANO_DE_OBRA
A35: Descripción | B35: Cant | C35: Jornal | D35: Prestaciones | E35: Jornal Total | F35: Rendimiento | G35: Valor Parcial
A36: Ayudante | B36: 1 | C36: 38666.667 | D36: 1.8541 | E36: =B36*C36*(D36) -> 71691.867 | F36: 0.01 | G36: =E36*F36 -> 716.91867
A37: Oficial | B37: 1 | C37: 58333.333 | D37: 1.8508 | E37: =B37*C37*(D37) -> 107963.33 | F37: =F36 -> 0.01 | G37: =E37*F37 -> 1079.6333
A38: SUBTOTAL MANO DE OBRA | H38: =SUM(G36:G37) -> 1796.552 | M38: =+H7 -> 2,05 | N38: =+H38 -> 1796.552
A40: TOTAL COSTO DIRECTO UNITARIO | H40: =H38+H33+H28+H14 -> 2431.6983
D42: COSTO DIRECTO | H42: =H40 -> 2431.6983
A44: OBSERVACIONES
E45: Elaboró
E46: =IF('INF. GENERAL'!$B$19=0," ",'INF. GENERAL'!$B$19) -> JAVIER JOSÉ ROSADO MENDINUETA
E47: =IF('INF. GENERAL'!$B$20=0," ",'INF. GENERAL'!$B$20) -> PROFESIONAL APOYO
E48: =IF('INF. GENERAL'!$B$18=0," ",'INF. GENERAL'!$B$18) -> ALCALDÍA MUNICIPAL DE FUNDACIÓN - MAGDALENA
E49: =IF('INF. GENERAL'!$B$21=0," ",'INF. GENERAL'!$B$21) -> MP: 08700-52350
A50: . | H50: .

Sheet INSUMOS
A1: CARACTERISTICAS | B1: UNIDAD DE MEDIDA | C1: PRECIO | D1: No
A2: Curador para concreto y mortero en ambiente normal blanco X 20 Kilogramos | B2: Unidad | C2: 294147.71 | D2: 1
A3: Curador para concreto y mortero en ambiente normal rojo X 16 Kilogramos | B3: Unidad | C3: 753329.81 | D3: 2
A4: Cal apagada | B4: Kilogramo | C4: 2745.78 | D4: 3
A5: Elastosil bronco blanco 1/4 | B5: Galón | C5: 32857.91 | D5: 4
A6: Impermeabilizante integral para morteros x 2 kg | B6: Unidad | C6: 59642.73 | D6: 5
A7: Impermeabilizante integral para morteros x 20 kg | B7: Unidad | C7: 428582.24 | D7: 6
A8: Impermeabilizante integral para morteros x 4 kg | B8: Unidad | C8: 113295.89 | D8: 7
A9: Recubrimiento impermeable para zonas húmedas, tanques y piscinas x 2 kg | B9: Unidad | C9: 24679.44 | D9: 8
A10: Recubrimiento impermeable para zonas húmedas, tanques y piscinas x 25 kg | B10: Unidad | C10: 209441.37 | D10: 9
A11: Manto Asfaltico con foil - 1,10 metros de ancho x 9,10 metros de largo | B11: Rollo | C11: 322255.45 | D11: 10
A12: Sellador y adhesivo elástico blanco | B12: Unidad | C12: 68151.25 | D12: 11
A13: Sellador y adhesivo elástico Gris | B13: Unidad | C13: 57657.67 | D13: 12
... A1267: Aceite quemado | B1267: GALON | C1267: 66414.84 | D1267: 1266

Sheet Actividades
A1: G- ÍTEMS GENERALES | K1: und
A2: G - 01 CONCRETOS Y MORTEROS | K2: m3
A3: ÍTEM | B3: DESCRIPCIÓN | C3: und | D3: VR. und. | K3: Kg
A4: G-01-01 | B4: Concreto de 10,3 Mpa (1500 PSI) (Producción) | C4: m3 | D4: 324461 | K4: Carga-Km
A5: G-01-02 | B5: Concreto de 13,8 Mpa (2000 PSI) (Producción) | C5: m3 | D5: 368435 | K5: Tn-Km
A6: G-01-03 | B6: Concreto de 17,2 Mpa (2500 PSI) (Producción) | C6: m3 | D6: 401794 | K6: m2
A7: G-01-04 | B7: Concreto de 20,7 Mpa (3000 PSI) (Producción) | C7: m3 | D7: 425554 | K7: Mes
A8: G-01-05 | B8: Concreto de 24,5 Mpa (3500 PSI) (Producción) | C8: m3 | D8: 473232 | K8: Día
A9: G-01-06 | B9: Concreto de 27,6 Mpa (4000 PSI) (Producción) | C9: m3 | D9: 499650 | K9: ml
A10: G-01-07 | B10: Concreto de (Producción) 20,7Mpa (3000PSI) impermeabilizado | C10: m3 | D10: 469216 | K10: Tn
A11: G-01-08 | B11: Concreto de 20,7 Mpa (3000 PSI) acelerado (Producción) | C11: m3 | D11: 578673 | K11: Par
A12: G-01-09 | B12: Concreto de (Producción) 27,6M pa (4000PSI) impermeabilizado | C12: m3 | D12: 543312 | K12: Km
A13: G-01-10 | B13: Concreto de 27,6 Mpa (4000 PSI) acelerado (Producción) | C13: m3 | D13: 674643 | K13: Ha
A14: G-01-11 | B14: Concreto ciclópeo (Producción) | C14: m3 | D14: 415803 | K14: Jr
A15: G-01-12 | B15: Concreto fluido 13,8 Mpa (2000 PSI) tamaño máximo 1/2" | C15: m3 | D15: 477717 | K15: und-Día
... A18: G-01-15 | B18: Mortero 1:3 (Producción) | C18: m3 | D18: 461627 | K18: GLOBAL
A19: G-01-16 | B19: Mortero 1:4 (Producción) | C19: m3 | D19: 410085
A20: G-01-17 | B20: Mortero 1:5 (Producción) | C20: m3 | D20: 372639
A21: G-01-18 | B21: Mortero 1:3 impermeabilizado (Producción) | C21: m3 | D21: 724362
A22: G - 02 ACEROS
A23: G-02-01 | B23: Acero Fy = 37.000 PSI d ≤ 1/4" | C23: Kg | D23: 6589
A24: G-03-03 | B24: Transporte materiales en mula (carga = 100 Kg/Km) | C24: Carga-Km | D24: 4385
A25: G-03-04 | B25: Transporte material a hombro | C25: Carga-Km | D25: 17448
A26: G-03-05 | B26: Disposición en botadero | C26: m3 | D26: 6000
A27: G-03-06 | B27: Transporte materiales a obra (no incluye descargue) | C27: Tn-Km | D27: 7500
A28: 1 - CONSTRUCCIÓN, MANTENIMIENTO Y ADECUACIÓN DE EDIFICACIONES DE INFRAESTRUCTURA SOCIAL Y COMundITARIA
A29: 1 - 01 PRELIMINARES Y OBRAS FINALES
A30: 36892 | B30: Valla de identificación de obra área menor a 4 m2, colocada en guaduas, incluye mantenimiento durante la construcción | C30: m2 | D30: 105892
A31: 37257 | B31: Valla de identificación de obra área mayor a 4 m2, colocada en cerchas metálica, incluye mantenimiento durante la construcción | C31: m2 | D31: 221483
A32: 37622 | B32: Campamento, incluye teja de zinc, piso en concreto de 17,2 Mpa | C32: m2 | D32: 183243
A33: 37987 | B33: Campamento arrendado mínimo de 18 m2 | C33: Mes | D33: 1073461
A34: 38353 | B34: Localización y replanteo | C34: m2 | D34: 1296
A35: 38718 | B35: Limpieza y nivelación | C35: m2 | D35: 6273
A36: 39083 | B36: Descapote y nivelación manual | C36: m2 | D36: 9200
A37: 39448 | B37: Descapote y limpieza con máquina incluye retiro | C37: m2 | D37: 19570
A38: 39814 | B38: Descapote y limpieza manual | C38: m2 | D38: 5768
A39: 40179 | B39: Nivelación terreno con material del sitio | C39: m2 | D39: 5018
A40: 40544 | B40: Cargue mecánico de material | C40: m3 | D40: 3065
A41: 40909 | B41: Cargue de material manual | C41: m3 | D41: 28839
... A59: 10959 | B59: Aseo de obra de infraestructura (parques, canchas, juegos infantiles, obras exteriores, etc.) | C59: m2 | D59: 2001
A60: 1 - 02 CORTES, DEMOLICIONES Y DESMONTES
A61: 36893 | B61: Corte de baldosa existente | C61: ml | D61: 3488
A62: 37258 | B62: Corte con disco muro ambos lados | C62: ml | D62: 9572
A63: 37623 | B63: Corte de piso en concreto con cortadora autopropulsada | C63: ml | D63: 5752
A64: 37988 | B64: Demolición manual de concreto | C64: m3 | D64: 212053
A65: 38354 | B65: Demolición manual de concreto ciclópeo | C65: m3 | D65: 200272
A66: 38719 | B66: Demolición manual de sardinel | C66: ml | D66: 5768
A67: 39084 | B67: Demolición anden | C67: m2 | D67: 13843
A68: 39449 | B68: Demolición losa sobre terreno | C68: m2 | D68: 12016
A69: 39815 | B69: Demolición escaleras sobre terreno | C69: m2 | D69: 14420
A70: 40180 | B70: Demolición viga estructural en concreto | C70: m3 | D70: 249940
A71: 40545 | B71: Demolición placa aligerada | C71: m2 | D71: 28839
A72: 40910 | B72: Demolición muro en soga, incluye revoque y/o enchape | C72: m2 | D72: 12497
... A96: 13151 | B96: Desmonte y acarreo libre de piso en tablilla machihembrada existente | C96: m2 | D96: 35163
A97: 1 - 03 EXCAVACIONES Y LLENOS
A98: 36894 | B98: Excavación en material común seco de 0 - 2 m manual | C98: m3 | D98: 35126
A99: 37259 | B99: Excavación en material común seco de 2 - 4 m manual | C99: m3 | D99: 63771
A100: 37624 | B100: Excavación en material común seco mayor a 4 m manual | C100: m3 | D100: 104542
A101: 37989 | B101: Excavación en material común bajo agua de 0 - 2 m manual | C101: m3 | D101: 72577
A102: 38355 | B102: Excavación en material común bajo agua de 2 - 4 m manual | C102: m3 | D102: 94519
A103: 38720 | B103: Excavación en material común bajo agua mayor a 4 m manual | C103: m3 | D103: 139928
A104: 39085 | B104: Excavación en conglomerado seco de 0 - 2 m manual | C104: m3 | D104: 62725
A105: 39450 | B105: Excavación en conglomerado seco de 2 - 4 m manual | C105: m3 | D105: 74673
A106: 39816 | B106: Excavación en conglomerado seco mayor a 4 m manual | C106: m3 | D106: 130678
A107: 40181 | B107: Excavación en conglomerado bajo agua de 0 - 2 m manual | C107: m3 | D107: 93285
A108: 40546 | B108: Excavación en conglomerado bajo agua de 2 - 4 m manual | C108: m3 | D108: 111942
A109: 40911 | B109: Excavación en conglomerado bajo agua mayor a 4 m manual | C109: m3 | D109: 139928
... A123: 46025 | B123: Lleno con arena para tubería (brecha de 0,60 m de ancho e = 0,1 m) | C123: ml | D123: 12079
A124: 1 - 04 ELEMENTOS DE Y PARA CONCRETO
A125: 36895 | B125: Solado en concreto de 10,3 Mpa | C125: m3 | D125: 421434
A126: 37260 | B126: Caja de inspección de 0,50 x 0,50 x 0,50 m en concreto de 17,2 Mpa, tapa reforzada en concreto de 20,7 Mpa | C126: und | D126: 258984
A127: 37625 | B127: Caja de inspección de 0,60 x 0,60 x 0,60 m en concreto de 17,2 Mpa, tapa reforzada en concreto de 20,7 Mpa | C127: und | D127: 416075
A128: 37990 | B128: Caja de inspección de 0,80 x 0,80 x 0,80 m en concreto de 17,2 Mpa, tapa reforzada en concreto de 20,7 Mpa | C128: und | D128: 641435
A129: 38356 | B129: Caja de inspección de 1,00 x 1,00 x 1,00 m en concreto de 17,2 Mpa, tapa reforzada en concreto de 20,7 Mpa | C129: und | D129: 819961
A130: 38721 | B130: Zapatas en concreto de 20,7 Mpa, no incluye refuerzo | C130: m3 | D130: 799017
A131: 39086 | B131: Zapatas en concreto de 24,5 Mpa (3500 PSI), no incluye refuerzo | C131: m3 | D131: 849233
A132: 39451 | B132: Viga de enlace de zapatas en concreto de 20,7 Mpa, no incluye refuerzo | C132: m3 | D132: 829440
A133: 39817 | B133: Viga de enlace de zapatas en concreto de 24,5 Mpa, no incluye refuerzo | C133: m3 | D133: 896257
A134: 40182 | B134: Viga apoyada concreto 20,7 Mpa (3000 PSI), no incluye refuerzo | C134: m3 | D134: 781324
A135: 40547 | B135: Placa de contrapiso en concreto de 20,7 Mpa e = 0,07 m | C135: m2 | D135: 59189
A136: 40912 | B136: Placa de contrapiso en concreto de 20,7 Mpa e = 0,10 m | C136: m2 | D136: 79831
... A188: 23380 | B188: Geodrén planar l = 1,00 m | C188: m2 | D188: 38176
A189: 1-05 MAMPOSTERÍA Y REVOQUES
A190: 36896 | B190: Muro en ladrillo farol pandereta e = 0,10 m | C190: m2 | D190: 57692
A191: 37261 | B191: Muro en ladrillo farol pandereta e = 0,12 m | C191: m2 | D191: 59554
A192: 37626 | B192: Muro en ladrillo tolete en soga | C192: m2 | D192: 90388
A193: 37991 | B193: Muro en ladrillo tolete en pandereta | C193: m2 | D193: 57034
A194: 38357 | B194: Muro en ladrillo tolete pandereta y mortero impermeabilizado | C194: m2 | D194: 84103
A195: 38722 | B195: Muro en ladrillo tolete pandereta, mortero impermeabilizado y revocado ambas caras | C195: m2 | D195: 116545
A196: 39087 | B196: Muro en ladrillo prensado visto en soga, dos caras | C196: m2 | D196: 115292
A197: 39452 | B197: Muro no estructural en bloque de cemento de 0,14 x 0,19 x 0,39 m | C197: m2 | D197: 73345
A198: 39818 | B198: Muro estructural en bloque de cemento de 0,14 x 0,19 x 0,39 m, no incluye refuerzo | C198: m2 | D198: 104323
A199: 40183 | B199: Muro en bloque piedra (estructural) de cemento de 0,14 x 0,19 x 0,39 m.no incluye refuerzo, abuzardado unda o ambas caras | C199: m2 | D199: 132337
A200: 40548 | B200: Muro en panel de yeso 1/2" 2 caras, incluye pintura | C200: m2 | D200: 99414
A201: 40913 | B201: Muro en panel de yeso 1/2" 1 cara, incluye pintura | C201: m2 | D201: 65786
... A223: 12424 | B223: Media caña PVC de 90 mm blanco para paredes secas, incluye accesorios | C223: ml | D223: 23639
A224: 1 - 06 PISOS Y ENCHAPES
A225: 36897 | B225: Mortero de nivelación e = 0,05 m para pisos | C225: m2 | D225: 39040
A226: 37262 | B226: Adoquín vehicular de concreto, incluye cemento en seco | C226: m2 | D226: 101188
A227: 37627 | B227: Adoquín peatonal de concreto, incluye cemento en seco | C227: m2 | D227: 98438
...
